Cogmind - Beta 16.1 @@@ ROGUE MODE // 2026.02.23 @ 19:23:12 Player: +Jones Result: Establishing Free Derelict Territories! Performance ------------- Evolutions (9) 4500 Regions Visited (35) 7000 Robots Destroyed (547) 2735 Value Destroyed (24720) 24720 Prototype IDs (79) 1580 Alien Tech Used (0) 0 Bonus (42412) 42412 TOTAL SCORE: 82947 Bonus ------- Triggered High Security 500 High Alert Combat Kills 5238 Follower Combat Kills 3246 Hunted by Unchained 500 Entered Garrisons 600 Entered DSFs 1000 Network Hubs Disabled 400 Aligned with FarCom 300 Met Data Miner 300 Acquired ECA 300 Met Warlord at Base 500 MAIN.C Attacked Warlord 500 Warlord Defense Kills 882 Built Enhanced Grunts 300 A7 Reached Mainframe 300 Met Warlord at Research 2000 Invited to Help at Command 2000 Destroyed MAIN.C Guards 500 Met MAIN.C 5000 Hacked MAIN.C 300 Destroyed MAIN.C Shell 5000 Destroyed MAIN.C 10000 Met Warlord at Command 2000 Win 3000 Friendly Fire -2254 Cogmind --------- Core Integrity 1381/1600 Matter 363/800 Energy 758/1940 System Corruption 14% Temperature Cool (69) Movement Treading (160) Location Free Derelict Territories Parts ------- > --- POWER (3) -------- Heavy Antimatter Reactor Quantum Reactor Quantum Reactor > --- PROPULSION (6) --- Advanced Heavy Siege Treads Advanced Heavy Siege Treads Advanced Heavy Siege Treads > --- UTILITY (12) ----- Huge Storage Unit Advanced Energy Well Experimental Energy Well Experimental Matter Compressor Advanced Targeting Computer Core Analyzer Advanced Remote Force Field Improved Point Defense System Advanced Hacking Suite Advanced Hacking Suite Ghost Barrier > --- WEAPON (4) ------- Cooled Nova Cannon Enhanced Hardcell Cannon Enhanced Hardcell Cannon Vortex Lance > --- INVENTORY (25) --- Quantum Reactor Biometal Heavy Treads Long-range Terrain Scanner Advanced Terrain Scan Processor Improved Transmission Jammer Advanced Force Field Advanced Force Field Improved System Guard Long-range Tractor Beam Mini Drone Bay (3/3) Enhanced Nova Cannon Enhanced Hardcell Cannon Compact Linear Accelerator Graviton Cannon Mini Smartbomb Launcher Hellfire Missile Launcher Ragnarok Missile Launcher Advanced Remote Datajack Improved Plasma Cutter Plasma Lance Peak State ------------ > --- POWER ------------ Heavy Antimatter Reactor Vortex Chain Reactor > --- PROPULSION ------- Advanced Heavy Siege Treads Advanced Heavy Siege Treads Advanced Heavy Siege Treads > --- UTILITY ---------- Experimental Coolant Injector Huge Storage Unit Advanced Signal Interpreter 0b10 Decoder Chip [Generic] Core Analyzer Advanced Remote Force Field Advanced Hacking Suite Advanced Hacking Suite Ghost Barrier System Purifier Stealth Drone Bay > --- WEAPON ----------- Graviton Cannon Graviton Cannon Graviton Cannon Graviton Cannon > --- INVENTORY -------- Advanced Heavy Siege Treads Advanced Heavy Siege Treads Advanced Energy Well Experimental Matter Compressor Advanced Terrain Scanner Advanced Terrain Scanner Improved Transmission Jammer Improved Medium Armor Plating Improved Medium Armor Plating Advanced Remote Force Field Improved Point Defense System Improved System Guard Long-range Tractor Beam Enhanced Nova Cannon Enhanced Hardcell Cannon Enhanced Hardcell Cannon Mini Smartbomb Launcher Ragnarok Missile Launcher Advanced Remote Datajack Improved Plasma Cutter Plasma Lance Vortex Lance [Rating: 218] Favorites ----------- Power Reinforced Deuterium Engine Engine Reinforced Deuterium Engine Power Core Cooled Fission Core Reactor Heavy Antimatter Reactor Propulsion Armored Treads Treads Armored Treads Wheel Armored Huge Wheel Utility Core Analyzer Device System Purifier Storage High-capacity Storage Unit Processor Core Analyzer Hackware Hacking Suite Protection Hardened Medium Armor Plating Weapon Graviton Cannon Energy Gun Heavy Gatling Laser Energy Cannon Guided Plasma Cannon Ballistic Gun High-powered Shotgun Ballistic Cannon Graviton Cannon Launcher Improved Grenade Launcher Special Weapon Mining Laser Impact Weapon Maul Slashing Weapon Katana Piercing Weapon Plasma Lance Build | -11 -10 -10 -9 -9 -9 -8 -8 -8 -8 -8 -8 -8 -7 -7 -6 -6 -6 -6 -5 -5 -5 -5 -5 -5 -5 -5 -4 -4 -4 -3 -3 -3 -2 -1 -1 ------- Run | Yrd Mat Min Mat Min Exi Min Mat Gar Mat Gar Mat Gar Fac DSF Fac Low Low Dat Pro Fac Was Fac Ext Cet Arc Hub Fac Upp War Pro Res DSF Res Acc Com Slots Evolved 18 | . . . 2 . . . 2 . . . . . 2 . 2 . . . . 2 . . . . . . 2 . . . 2 . 2 2 . Power 2 | . . . . . . . . . . . . . . . . . . . . . . . . . . . 1 . . . . . . 1 . Propulsion 4 | . . . 1 . . . 1 . . . . . 1 . 1 . . . . . . . . . . . . . . . . . . . . Utility 10 | . . . 1 . . . . . . . . . 1 . 1 . . . . 1 . . . . . . 1 . . . 2 . 2 1 . Weapon 2 | . . . . . . . 1 . . . . . . . . . . . . 1 . . . . . . . . . . . . . . . Parts Attached 280 | 7 8 8 23 4 2 . 2 4 1 6 12 6 1 6 13 1 6 . . 28 7 23 17 2 1 3 13 14 9 4 2 15 9 7 16 Power 27 | 1 1 3 2 . . . . . . 1 1 1 . 1 . . . . . 1 1 1 3 . . . 4 1 1 . . . . . 4 Engine 9 | 1 1 1 2 . . . . . . . 1 1 . 1 . . . . . . . . 1 . . . . . . . . . . . . Core 8 | . . 2 . . . . . . . 1 . . . . . . . . . 1 . 1 2 . . . . 1 . . . . . . . Reactor 10 | . . . . . . . . . . . . . . . . . . . . . 1 . . . . . 4 . 1 . . . . . 4 Propulsion 54 | 2 1 2 8 . . . . 2 . 1 5 1 1 1 1 . 2 . . 10 1 5 . . . . 2 . . . . 6 . 1 2 Treads 41 | 2 . . 7 . . . . 1 . 1 5 1 1 1 1 . 1 . . 6 1 2 . . . . 2 . . . . 6 . 1 2 Leg . | . . . . . . . . . . . . . . . . . . . . . . . . . . . . . . . . . . . . Wheel 13 | . 1 2 1 . . . . 1 . . . . . . . . 1 . . 4 . 3 . . . . . . . . . . . . . Hover . | . . . . . . . . . . . . . . . . . . . . . . . . . . . . . . . . . . . . Flight . | . . . . . . . . . . . . . . . . . . . . . . . . . . . . . . . . . . . . Utility 106 | 2 2 . 6 2 1 . . . 1 1 3 1 . 2 7 1 2 . . 11 3 8 11 . 1 2 3 5 8 2 2 3 6 4 6 Device 48 | 1 1 . . 2 . . . . . . . 1 . 1 2 1 . . . 8 1 4 8 . . 1 1 2 4 1 . 2 3 1 3 Storage 9 | 1 . . 2 . 1 . . . . . . . . . 1 . . . . . . . . . . . . . 1 . . . 1 1 1 Processor 16 | . . . 1 . . . . . . . 1 . . . 1 . 1 . . . 1 2 . . . . . 3 3 1 1 . . . 1 Hackware 8 | . . . . . . . . . 1 . . . . . 2 . . . . 1 . . . . 1 . . . . . 1 . 1 1 . Protection 25 | . 1 . 3 . . . . . . 1 2 . . 1 1 . 1 . . 2 1 2 3 . . 1 2 . . . . 1 1 1 1 Artifact . | . . . . . . . . . . . . . . . . . . . . . . . . . . . . . . . . . . . . Weapon 93 | 2 4 3 7 2 1 . 2 2 . 3 3 3 . 2 5 . 2 . . 6 2 9 3 2 . 1 4 8 . 2 . 6 3 2 4 Energy Gun 12 | 2 2 2 . . . . . . . 1 . . . . . . . . . . . 5 . . . . . . . . . . . . . Energy Cannon 8 | . . . . . . . . 1 . . . . . . 1 . . . . 2 1 1 . . . . . . . . . . . 1 1 Ballistic Gun 45 | . . . 5 1 . . 2 . . 1 2 2 . 1 4 . 2 . . 3 . 3 3 2 . . 3 8 . 1 . 2 . . . Ballistic Cannon 9 | . . 1 . . . . . . . . . 1 . . . . . . . . . . . . . . . . . . . 4 . 1 2 Launcher 9 | . 1 . 1 1 . . . 1 . . 1 . . 1 . . . . . . 1 . . . . . . . . . . . 1 . 1 Special Weapon 2 | . 1 . . . . . . . . . . . . . . . . . . . . . . . . . . . . . . . 1 . . Impact Weapon 1 | . . . . . 1 . . . . . . . . . . . . . . . . . . . . . . . . . . . . . . Slashing Weapon 5 | . . . 1 . . . . . . 1 . . . . . . . . . 1 . . . . . 1 1 . . . . . . . . Piercing Weapon 2 | . . . . . . . . . . . . . . . . . . . . . . . . . . . . . . 1 . . 1 . . Special Melee Weapon . | . . . . . . . . . . . . . . . . . . . . . . . . . . . . . . . . . . . . Unidentified Prototypes 32 | . . . 2 1 . . . . . . 1 . . . . . . . . . . 2 . 1 . . 4 . 8 2 1 1 4 1 4 Corrupted Parts 2 | . . . . . . . . . . . . 1 . . . . . . . . . . . . . . . . 1 . . . . . . System Corruption 2 | . . . . . . . . . . . . 1 . . . . . . . . . . . . . . . . 1 . . . . . . Parts Lost 58 | . 2 4 6 . . . . . . 2 2 1 . . . . . . . 12 8 4 . . . . 7 3 . . . 1 . 5 1 Power 5 | . . 1 1 . . . . . . 1 . . . . . . . . . 1 . . . . . . . . . . . . . 1 . Propulsion 22 | . 1 2 4 . . . . . . . 2 . . . . . . . . 4 5 1 . . . . 2 . . . . . . 1 . Utility 20 | . 1 1 1 . . . . . . 1 . . . . . . . . . 4 2 1 . . . . 3 2 . . . 1 . 2 1 Weapon 11 | . . . . . . . . . . . . 1 . . . . . . . 3 1 2 . . . . 2 1 . . . . . 1 . Highest Loss Streak 6 | . 1 2 4 . . . . . . 2 2 1 . . . . . . . 4 6 3 . . . . 3 3 . . . 1 . 2 1 To Critical Strikes . | . . . . . . . . . . . . . . . . . . . . . . . . . . . . . . . . . . . . Average Backups 18 | 1 5 7 10 13 13 14 13 17 18 17 18 18 17 18 18 17 17 17 18 18 18 22 22 22 22 21 21 20 22 22 21 22 20 19 22 Power . | . . . . . . . . . . . . . . . . 1 1 1 1 . . 1 1 1 1 1 . 1 1 1 1 1 1 . 1 Propulsion 1 | . . . . 1 1 1 . 1 2 2 2 2 1 1 1 1 . . . 1 1 . . 1 2 2 1 . . 3 3 2 2 1 1 Utility 8 | . 2 2 4 6 7 7 7 7 7 5 6 8 8 8 8 8 8 8 8 7 7 15 14 12 12 12 12 10 12 11 9 7 8 9 9 Weapon 6 | 1 3 3 5 6 5 6 6 9 9 9 9 8 8 8 8 7 7 7 7 6 6 3 5 5 4 4 4 7 5 6 7 9 8 6 8 Tool/Special . | . . . . . . . . . . . . . . . . . . . . . . . . . . . . . . . . . . . . Unused Backups 53 | . 2 . 4 2 . . . . 1 . 1 . . . 2 1 . . . 5 . 3 3 . . 1 2 1 3 1 . 4 5 . 12 Power 5 | . . . . . . . . . . . . . . . . . . . . 1 . 1 1 . . . . . 1 . . . . . 1 Propulsion 10 | . . . . . . . . . . . 1 . . . 1 . . . . 2 . . . . . . 1 . . . . 3 1 . 1 Utility 21 | . 1 . 3 . . . . . 1 . . . . . 1 1 . . . . . 1 2 . . . . 1 1 1 . 1 1 . 6 Weapon 15 | . 1 . 1 2 . . . . . . . . . . . . . . . 2 . 1 . . . . 1 . 1 . . . 3 . 3 Tool/Special 2 | . . . . . . . . . . . . . . . . . . . . . . . . . . 1 . . . . . . . . 1 Average Slot Usage (%) 89 | . 98 97 98 99 100 100 99 97 90 82 97 99 98 94 93 99 99 93 93 91 51 77 81 81 82 82 82 82 79 78 75 80 81 81 83 Engine 4 | . 14 9 10 11 11 11 9 9 9 1 7 9 7 7 6 6 6 6 6 4 . . . . . . . . . . . . . . . Core 1 | . . 3 . . . . . . . 6 1 . . . . . . . . . . 4 4 5 5 5 1 2 . . . . . . . Reactor 2 | . . . . . . . . . . . . . . . . . . . . . 3 . . . . . 8 7 5 5 4 4 4 6 11 Treads 22 | . 24 2 30 33 33 33 36 31 18 18 32 35 38 38 40 40 40 26 26 24 9 5 17 17 17 17 14 15 15 15 13 15 13 12 12 Wheel 2 | . 2 25 2 . . . . 2 9 9 1 . . . . . . 6 6 5 4 10 . . . . . . . . . . . . . Device 8 | . 3 11 . 10 11 11 9 9 9 9 . 3 5 . . 5 5 6 6 7 5 6 11 11 11 11 11 10 9 14 10 10 17 14 11 Storage 7 | . 14 14 11 11 11 11 9 9 9 9 9 9 7 7 6 6 6 6 6 5 5 5 5 5 5 5 5 5 8 5 4 4 4 4 5 Processor 7 | . . . 10 . . . . . . . 7 9 7 7 6 13 13 13 13 2 4 9 5 5 5 5 5 14 11 10 13 14 13 12 11 Hackware 4 | . . . . . . . . . 5 1 . . . . 6 6 6 6 6 5 5 5 5 5 5 5 5 5 5 5 7 9 8 11 12 Protection 4 | . 10 1 10 11 11 11 9 9 4 . 8 5 7 9 5 . . . . 7 . 4 4 4 5 5 8 . . . . 1 3 4 3 Energy Gun 2 | . 26 22 . . . . . . . . . . . . . . . . . . . 5 15 . . . . . . . . . . . . Ballistic Gun 12 | . . . 18 13 3 . 23 20 18 18 25 18 15 21 15 13 19 20 13 18 1 1 4 22 23 18 17 18 15 15 15 7 . . . Ballistic Cannon 2 | . . 5 . . . . . . . . . . . . . . . . . . . . . . . . . . . . . 11 17 14 11 Slashing Weapon 1 | . . . 2 8 9 10 2 5 . 5 . 1 . . . . . . . 2 . 3 . . . 3 1 . 3 1 2 . . . . Peak Build Rating 218 | 7 9 11 23 30 21 21 27 34 33 44 43 45 46 48 62 54 60 60 59 90 88 111 111 116 118 118 143 140 155 155 169 187 201 218 209 Average Rating 87 | 4 7 9 19 20 20 20 26 28 32 39 38 41 45 47 55 53 56 59 58 76 56 83 109 113 117 117 132 127 147 151 165 171 197 201 201 On Entrance 75 | . 7 9 11 21 21 21 21 27 33 32 42 39 43 46 48 54 54 60 58 59 88 64 111 104 116 118 117 140 129 155 152 169 187 199 179 Avg Prop Armor Cover (%) 13 | . 10 10 . . . . . 11 14 11 7 . . . . . . 25 25 10 21 11 . . . . . . . . . . . . 8 Naked Turns . | . . . . . . . . . . . . . . . . . . . . . . . . . . . . . . . . . . . . Heaviest Build 230 | 12 18 19 43 43 62 62 66 73 66 62 70 69 70 87 93 74 76 72 72 108 93 134 134 133 133 133 169 152 156 149 152 188 199 221 230 Greatest Support 240 | 40 40 20 60 60 60 60 80 80 28 28 80 80 100 100 120 120 128 28 28 165 165 210 210 210 210 210 230 230 230 230 230 240 240 240 240 Greatest Overweight (x) 4 | . 1 1 . . 1 1 . 2 2 2 2 1 . . . . 2 2 2 3 2 4 . . . . 1 . . . . 1 . . 1 Average Overweight (x) . | . . . . . . . . . 2 1 . . . . . . . 2 2 1 1 2 . . . . . . . . . . . . . Largest Inventory Capacity 25 | 8 8 8 15 15 20 20 20 20 20 20 20 20 20 20 25 20 20 20 20 20 20 25 25 25 25 25 25 25 25 25 25 25 25 25 25 Average Capacity 20 | 6 8 8 10 15 15 20 20 20 20 20 20 20 20 20 20 20 20 20 20 20 20 23 25 25 25 25 25 25 25 25 25 25 25 25 25 Most Carried 25 | 2 8 8 15 15 15 15 18 20 20 20 20 20 19 20 20 20 20 18 20 20 20 25 25 25 25 25 25 25 25 25 25 25 25 25 25 Average Carried 19 | 1 5 7 10 13 14 15 14 18 18 18 19 19 18 19 19 19 19 18 19 19 18 22 23 24 24 24 23 21 23 24 22 24 23 21 23 Final Capacity 25 | 8 8 8 15 15 20 20 20 20 20 20 20 20 20 20 20 20 20 20 20 20 20 25 25 25 25 25 25 25 25 25 25 25 25 25 25 Final Carried 25 | 2 8 7 15 15 15 15 18 20 18 20 20 20 18 20 20 20 18 18 20 20 20 25 25 25 25 25 22 23 25 25 22 24 25 17 21 Class Distribution -------------------- 22% | Scavenger-Mutant 15% | Hacker-Tank 13% | Skirmisher 12% | Tank 10% | Mutant 9% | Scavenger-Tank 8% | Scavenger-Skirmisher 5% | Commander-Tank Dominant Class ---------------- Mutant | -10/Materials Scavenger-Mutant | -10/Mines Scavenger-Mutant | -9/Materials Scavenger-Mutant | -9/Mines Scavenger-Mutant | -9/Exiles Scavenger-Mutant | -8/Mines Scavenger-Skirmisher | -8/Materials Scavenger-Mutant | -8/Garrison Scavenger-Mutant | -8/Materials Scavenger-Mutant | -8/Garrison Skirmisher | -8/Materials Skirmisher | -8/Garrison Skirmisher | -7/Factory Scavenger-Skirmisher | -7/DSF Scavenger-Skirmisher | -6/Factory Scavenger-Mutant | -6/Lower Caves Skirmisher | -6/Lower Caves Skirmisher | -6/Data Miner Skirmisher | -5/Proximity Caves Scavenger-Tank | -5/Factory Mutant | -5/Waste Mutant | -5/Factory Tank | -5/Extension Commander-Tank | -5/Cetus Commander-Tank | -5/Archives Commander-Tank | -5/Hub_04(d) Scavenger-Tank | -4/Factory Scavenger-Skirmisher | -4/Upper Caves Commander-Tank | -4/Warlord Skirmisher | -3/Proximity Caves Hacker-Tank | -3/Research Hacker-Tank | -3/DSF Hacker-Tank | -2/Research Hacker-Tank | -1/Access Hacker-Tank | -1/Command Resources | -11 -10 -10 -9 -9 -9 -8 -8 -8 -8 -8 -8 -8 -7 -7 -6 -6 -6 -6 -5 -5 -5 -5 -5 -5 -5 -5 -4 -4 -4 -3 -3 -3 -2 -1 -1 ----------- Run | Yrd Mat Min Mat Min Exi Min Mat Gar Mat Gar Mat Gar Fac DSF Fac Low Low Dat Pro Fac Was Fac Ext Cet Arc Hub Fac Upp War Pro Res DSF Res Acc Com Matter Collected 20665 | 270 411 147 986 95 . . 203 718 . 457 884 833 . 295 124 548 613 . 49 3009 797 366 854 146 106 30 1620 270 1057 316 50 868 667 2415 1461 Remotely 2824 | . . . . . . . . . . . . . . . . . . . . 110 . . 231 . . . 122 . . . . 291 . 1428 642 Salvage Created 22479 | 116 601 314 1725 76 . 13 203 1155 . 993 1136 1201 . 367 166 140 571 . . 3164 1365 524 1283 288 254 260 2339 156 384 309 . 1074 . 1519 783 Parts 1047 | 12 55 13 118 7 . 3 6 50 . 17 80 53 . 20 15 3 16 . . 162 5 27 46 10 17 13 106 8 21 16 . 32 . 82 34 Haulers Intercepted 11 | . 1 . 6 . . . . . . . 2 . . . . . . . . . . 1 . . . . 1 . . . . . . . . Recyclers Shooed 9 | 1 1 . . . . . . . . . . . . . 1 . . . . 3 . . . . . . 1 . . . . . . . 2 Parts Field Recycled . | . . . . . . . . . . . . . . . . . . . . . . . . . . . . . . . . . . . . Retrieved Matter . | . . . . . . . . . . . . . . . . . . . . . . . . . . . . . . . . . . . . Parts Self-Destructed 36 | . . . . . . . . . . . . . . . . . 16 . . . . . . . . . . 4 . 16 . . . . . Prevented . | . . . . . . . . . . . . . . . . . . . . . . . . . . . . . . . . . . . . Parts Restored . | . . . . . . . . . . . . . . . . . . . . . . . . . . . . . . . . . . . . Kills | -11 -10 -10 -9 -9 -9 -8 -8 -8 -8 -8 -8 -8 -7 -7 -6 -6 -6 -6 -5 -5 -5 -5 -5 -5 -5 -5 -4 -4 -4 -3 -3 -3 -2 -1 -1 ------- Run | Yrd Mat Min Mat Min Exi Min Mat Gar Mat Gar Mat Gar Fac DSF Fac Low Low Dat Pro Fac Was Fac Ext Cet Arc Hub Fac Upp War Pro Res DSF Res Acc Com Combat Hostiles Destroyed 405 | . 13 6 35 2 . 3 1 24 . 12 32 25 . 11 8 . 12 . 2 52 6 9 19 2 1 . 39 2 7 4 . 14 . 47 17 Melee 11 | . . . 2 . . . 1 . . 4 . . . . 3 . . . . . . . . . . . 1 . . . . . . . . Guns 200 | . 6 5 22 . . . . 10 . 6 26 16 . 8 2 . 7 . . 33 . . 13 2 1 . 27 2 7 4 . 3 . . . Cannons 61 | . . . 2 . . . . 1 . . . 8 . 1 . . . . . 1 . 3 . . . . 1 . . . . 10 . 25 9 AOE 128 | . 7 1 9 2 . 3 . 13 . 2 6 1 . 2 3 . 5 . 2 18 6 5 3 . . . 10 . . . . . . 22 8 Classes Destroyed 26 | 2 8 . 2 . . . 1 . . 1 1 1 . 1 . 1 1 . 1 . 1 . 1 . . . 2 . 1 . . 1 . . . Worker 28 | . 5 1 . . . . . . . . . . . . . . . . . 11 . 1 . . . 4 3 . . . . . . 3 . Builder 23 | . 3 1 2 . . . . . . . . . . . . . . . . 6 . 4 . . . . 2 . . . . . . 5 . Tunneler 10 | 2 . 1 1 1 . . . . . . 2 . . . . . . . . 1 . 1 1 . . . . . . . . . . . . Hauler 11 | . 1 . 6 . . . . . . . 2 . . . . . . . . . . 1 . . . . 1 . . . . . . . . Recycler 25 | 1 . 1 2 1 . . 2 . . . 2 . . . . . . . . 6 . . 5 . . . 2 . . . . . . 2 1 Minesweeper 1 | . . . . . . . . . . . . . . . . . 1 . . . . . . . . . . . . . . . . . . Mechanic 5 | . 1 . . . . . . . . . . 1 . . . . . . . 2 . 1 . . . . . . . . . . . . . Operator 6 | . 1 . 1 . . . . . . . 1 . . . . . . . . . . . . . 2 1 . . . . . . . . . Drone 2 | . . . . . . . . . . . . . . . . . . . 2 . . . . . . . . . . . . . . . . Watcher 21 | . 3 . 5 . . . 1 . . . 2 . . . . . . . . 2 . . 1 1 . . 3 . . . . . . 1 2 Swarmer 129 | . 6 . 12 2 . 3 . 4 . 3 10 6 . 3 6 . 3 . . 19 . 4 5 . . . 10 . 2 . . 1 . 26 4 Saboteur 2 | . . . . . . . . . . . . . . . . . . . . . . . . . . . 1 . . . . . . . 1 Grunt 120 | . 7 6 13 . . . . 12 . 5 14 9 . 6 . . 7 . . 14 . 1 6 . . . 12 . . 3 . . . 2 3 Brawler 6 | . . . . . . . . . . . . 1 . . . . 1 . . 2 . . . . . . 2 . . . . . . . . Duelist 6 | . . . 1 . . . . 1 . . . 1 . . . . . . . 1 . . . . . . 1 . . . . . . . 1 Protector 2 | . . . . . . . . . . . . . . . . . . . . . . . . . . . 1 . 1 . . . . . . Sentry 44 | . . . 9 . . . . 8 . 1 6 3 . . 1 . 1 . . 2 . 2 5 . 1 . 2 . . . . 1 . 1 1 Specialist 8 | . . . . . . . . . . . 2 1 . 1 . . . . . . . . . . . . . . . . . 1 . 3 . Hunter 19 | . . . . . . . 1 . . . . . . . . . . . . 2 . . 1 . . . 6 . . . . 1 . 8 . Programmer 42 | . . . . . . . . . . 3 . 4 . . 1 . . . . 12 . 2 . . . . 4 2 3 1 . . . 6 4 Heavy 3 | . . . . . . . . . . . . . . 1 . . . . . . . . . . . . . . . . . 1 . 1 . Behemoth 3 | . . . . . . . . . . . . . . . . . . . . . . . 2 . . . . . . . . . . . 1 Compactor 6 | . . . . . . . . . . . . . . . . . . . . . 6 . . . . . . . . . . . . . . Cetus Guard 2 | . . . . . . . . . . . . . . . . . . . . . . . . 2 . . . . . . . . . . . Enhanced Grunt 1 | . . . . . . . . . . . . . . . . . . . . . . . . . . 1 . . . . . . . . . Combat Programmer 1 | . . . . . . . . . . . . . . . . . . . . . . . . . . . . . . . . . . . 1 Striker 1 | . . . . . . . . . . . . . . . . . . . . . . . . . . . . . 1 . . . . . . Decomposer 5 | . . . . . . . . . . . . . . . . 5 . . . . . . . . . . . . . . . . . . . Packrat 1 | . . . . . . . . . . . . . . . . . 1 . . . . . . . . . . . . . . . . . . Thug 6 | . . . . . . . . . . . . . . . . . . . . . . . . 2 2 . . . 1 . . 1 . . . Savage 2 | . . . . . . . . . . . . . . . . . . . . . . . . . . . . 1 . . . 1 . . . Butcher 3 | . . . . . . . . . . . . . . . . . . . . . . . . . . . . . . . . 2 . . 1 Guerrilla 3 | . . . . . . . . . . . . . . . . . . . . . . . . . . 2 . . . . . 1 . . . Fireman 2 | . . . . . . . . . . . . . . . . . . . . . . . . . . . . . . . . 2 . . . Mutant 3 | . . . . . . . . . . . . . . . . 1 . . . . . . . . . . . . . . . 2 . . . Best Kill Streak 16 | 2 6 2 6 2 . 3 2 4 . 4 6 3 . 7 3 . 4 . 2 16 2 4 7 3 3 4 11 2 2 3 . 9 . 11 6 Combat Bots Only 9 | . 5 2 6 2 . 3 1 4 . 4 4 3 . 7 3 . 4 . 2 7 2 4 7 2 1 . 9 2 2 3 . 9 . 7 6 Max Kills in Single Turn 7 | 1 3 1 3 2 . 2 1 2 . 2 4 2 . 2 3 1 1 . 1 6 1 3 2 3 2 6 7 1 1 1 . 1 . 4 3 Gunslinging 2 | . . . . . . . . . . 1 1 . . . . . . . . 1 . . 1 . . . 2 . . . . . . . . Exploded 5 | . 3 1 3 2 . 2 . 2 . 2 3 1 . 2 3 . 1 . 1 5 1 3 2 . . . 5 . . . . . . 4 3 Melee 1 | . . . 1 . . . 1 . . 1 . . . . 1 . . . . . . . . . . . 1 . . . . . . . . Uniques/NPCs Destroyed 1 | . . . . . . . . . . . . . . . . . . . . . . . . . . . . . . . . . . . 1 MAIN.C (-1/Command) Combat | -11 -10 -10 -9 -9 -9 -8 -8 -8 -8 -8 -8 -8 -7 -7 -6 -6 -6 -6 -5 -5 -5 -5 -5 -5 -5 -5 -4 -4 -4 -3 -3 -3 -2 -1 -1 -------- Run | Yrd Mat Min Mat Min Exi Min Mat Gar Mat Gar Mat Gar Fac DSF Fac Low Low Dat Pro Fac Was Fac Ext Cet Arc Hub Fac Upp War Pro Res DSF Res Acc Com Hostile Shots Fired 1944 | . 51 32 134 4 . 11 12 60 . 47 73 58 . 34 30 . 59 . . 340 4 38 54 1 . 6 367 22 40 32 . 148 . 217 70 Missed 419 | . 8 7 32 2 . 1 1 8 . 10 24 19 . 12 9 . 22 . . 71 . 9 11 . . 3 71 1 12 4 . 23 . 43 16 Intercepted 2 | . . . . . . . . . . . . . . . . . . . . . . . . . . . . . . . . . . . 2 Hits 1525 | . 43 25 102 2 . 10 11 52 . 37 49 39 . 22 21 . 37 . . 269 4 29 43 1 . 3 296 21 28 28 . 125 . 174 54 Melee 18 | . . . 1 . . . . . . . . 5 . . . . . . . . 4 . . . . . 7 . . . . . . 1 . Projectile 1507 | . 43 25 101 2 . 10 11 52 . 37 49 34 . 22 21 . 37 . . 269 . 29 43 1 . 3 289 21 28 28 . 125 . 173 54 AOE 8 | . . . . . . . . . . . 1 . . . . . . . . . . . . . . . . . . . . . . . 7 Critical Strikes 79 | . 1 1 3 . . . . . . 1 3 2 . . 1 . 2 . . 13 1 3 2 1 . . 14 3 2 1 . 11 . 6 8 Part Disruptions 7 | . . . . . . . . . . . . . . . . . . . . . . . . . . . 1 1 . . . 2 . 1 2 Damage Taken 25659 | . 529 331 1282 15 . 75 157 458 . 573 796 669 . 366 329 . 639 . 35 4321 365 884 771 26 . 177 4533 422 440 503 . 1429 . 3641 1893 Core 1361 | . 62 90 118 . . . . 42 . 45 80 34 . 15 12 . . . . 139 115 42 73 . . . 138 . 56 21 . 60 . 123 96 Absorbed by Shields 5061 | . . . . . . . . 263 . . . 16 . . . . . . . 869 95 58 72 25 . 67 956 . 290 111 . 544 . 1121 574 Reduced by Siege Mode 1281 | . . . . . . . . . . . . . . . . . . . . . . 25 118 3 . . 256 33 . 37 . 276 . 527 6 Ignored by Resistances 95 | . . . . . . . . . . . . . . . . . . . . . . . . . . . . . . . . . . 30 65 Regen/Repaired (Parts) 2162 | . 55 . 171 . . . . . . . . . . . . . . . . 590 . 165 . . . . 284 . 376 . 495 . 26 . . Core Remaining (%) 81 | 100 . 39 . . . 70 . . . . . 63 . 97 . . . . 98 . . . . . . 63 . . . 81 . 95 100 . 86 Volleys Fired 1098 | 8 55 34 110 3 . 2 4 44 . 19 48 70 . 23 14 . 38 . 3 157 42 42 46 5 6 4 83 15 25 9 . 24 1 105 59 Largest 4 | 2 2 2 2 2 . 1 3 3 . 3 3 3 . 3 3 . 3 . 1 4 1 2 4 4 4 4 4 4 3 4 . 4 4 4 4 Hottest 390 | 90 115 130 95 46 . 30 75 120 . 125 88 120 . 120 120 . 120 . 36 186 36 315 390 122 136 136 136 130 105 140 . 232 232 294 324 Shots Fired 2559 | 16 101 64 202 7 . 2 12 102 . 45 135 130 . 51 32 . 91 . 3 456 39 54 112 20 24 13 225 37 73 36 . 96 4 260 117 Gun 1802 | 16 92 57 181 6 . . 12 84 . 43 126 92 . 42 28 . 80 . . 410 . 9 95 20 24 13 197 30 73 36 . 36 . . . Cannon 601 | . . 3 13 . . . . 4 . . . 33 . 8 1 . 2 . . 28 . 43 13 . . . 20 7 . . . 60 4 251 111 Launcher 150 | . 6 4 8 1 . 2 . 14 . 2 9 5 . 1 3 . 9 . 3 18 39 2 4 . . . 8 . . . . . . 9 3 Special 6 | . 3 . . . . . . . . . . . . . . . . . . . . . . . . . . . . . . . . . 3 Kinetic 1904 | . . 3 185 6 . . 12 84 . 35 126 92 . 42 28 . 80 . . 410 . . 5 20 24 13 197 30 73 36 . 96 4 231 72 Thermal 502 | 16 95 57 9 . . . . 4 . 8 . 33 . 8 1 . 2 . . 28 . 52 103 . . . 20 7 . . . . . 20 39 Explosive 148 | . 6 4 6 1 . 2 . 14 . 2 9 5 . 1 3 . 9 . 3 18 39 2 4 . . . 8 . . . . . . 9 3 Electromagnetic 2 | . . . 2 . . . . . . . . . . . . . . . . . . . . . . . . . . . . . . . . Robot Hit Streak 51 | 4 8 17 51 9 . . 5 8 . 6 10 10 . 8 15 . 12 . . 17 8 16 29 6 2 . 11 12 7 7 . 17 15 24 13 Robot Miss Streak 9 | 1 5 3 3 . . . 3 9 . 5 7 3 . 5 1 . 4 . 3 5 2 2 3 1 6 . 3 4 3 3 . 2 . 3 8 Penetration Max 2 | . . . . . . . . . . . . . . . . . . . . 1 . . . 1 1 . 1 . 2 . . . . . . Secondary Targets 42 | . 1 . . . . . . 2 . 2 4 4 . 3 . . 1 . . 8 . . 4 . . . 9 1 1 2 . . . . . Max Gunslinging Chain 2 | . 1 . . . . . . 1 . 1 1 1 . 1 . . 1 . . 2 . . 1 . . . 2 1 1 1 . . . . . Shots Hit Robots 1619 | 11 53 41 156 6 . . 10 77 . 76 86 105 . 29 18 6 55 . . 267 28 33 64 14 6 1 141 20 42 26 . 59 4 127 58 Core Hits 1034 | 4 39 19 70 4 . 2 6 63 . 38 76 56 . 28 10 1 32 . 2 136 16 20 76 13 10 11 104 5 23 12 . 31 1 87 39 Critical Kills 18 | . . . 1 . . . . . . . . . . . 1 . . . . 2 . . . . 1 . 9 2 2 . . . . . . Critical Parts Destroyed 24 | . . . . . . . . . . . 1 1 . . 1 2 . . . 6 . . . 1 . . 11 1 . . . . . . . Critical Strikes 84 | 1 6 1 1 . . . 2 1 . 5 1 4 . . 2 2 . . . 8 . . . 1 1 . 23 3 2 . . 2 . 15 3 Burn 9 | 1 6 1 . . . . . . . 1 . . . . . . . . . . . . . . . . . . . . . . . . . Destroy 40 | . . . 1 . . . . . . . 1 1 . . 1 . . . . 8 . . . 1 1 . 21 3 2 . . . . . . Blast 20 | . . . . . . . . . . . . . . . . . . . . . . . . . . . . . . . . 2 . 15 3 Smash 3 | . . . . . . . . . . . . . . . 1 2 . . . . . . . . . . . . . . . . . . . Sever 12 | . . . . . . . 2 1 . 4 . 3 . . . . . . . . . . . . . . 2 . . . . . . . . Melee Attacks 328 | . . . 17 4 . . 7 44 . 83 3 36 . . 2 7 . . . 53 . 24 . . . 7 11 . 1 2 4 . . 16 7 Impact 30 | . . . . . . . . 3 . 9 3 6 . . 2 7 . . . . . . . . . . . . . . . . . . . Slashing 275 | . . . 17 4 . . 7 41 . 74 . 30 . . . . . . . 53 . 24 . . . 7 11 . 1 2 4 . . . . Piercing 18 | . . . . . . . . . . . . . . . . . . . . . . . . . . . . . . . . . . 12 6 Entropic 5 | . . . . . . . . . . . . . . . . . . . . . . . . . . . . . . . . . . 4 1 Sneak Attacks 29 | . . . 2 3 . . . . . . . 1 . . . 6 . . . 9 . 7 . . . 1 . . . . . . . . . Combat Hostiles . | . . . . . . . . . . . . . . . . . . . . . . . . . . . . . . . . . . . . Follow-up Attacks . | . . . . . . . . . . . . . . . . . . . . . . . . . . . . . . . . . . . . Damage Inflicted 67638 | 128 1162 937 3193 346 . 232 205 3616 . 2353 2680 3017 . 1004 474 512 1793 . 115 9307 3662 2614 3385 545 402 635 6871 530 1625 743 . 2930 143 8568 3911 Guns 27408 | 128 654 593 2245 45 . . 109 1189 . 512 1628 1322 . 561 214 . 1153 . . 5908 . 142 2592 545 402 . 3806 530 1625 743 . 762 . . . Cannons 13373 | . . 44 170 . . . . 107 . . . 682 . 284 . . 67 . . 147 . 786 39 . . . 40 . . . . 2157 143 5884 2823 Explosions 20607 | . 508 300 464 115 . 232 . 1236 . 190 1052 254 . 159 215 . 573 . 115 2492 3662 1135 754 . . 513 2866 . . . . . . 2684 1088 Melee 6165 | . . . 314 186 . . 96 1084 . 1651 . 755 . . 30 512 . . . 749 . 507 . . . 122 159 . . . . . . . . Ramming 85 | . . . . . . . . . . . . 4 . . 15 . . . . 11 . 44 . . . . . . . . . 11 . . . Kinetic 33750 | . . 44 2341 45 . . 109 1189 . 490 1628 1322 . 561 214 . 1153 . . 5908 . . 73 545 402 . 3806 530 1625 743 . 2919 143 5884 2076 Thermal 8540 | 128 654 593 74 . . . . 107 . 22 . 682 . 284 . . 67 . . 147 . 1259 2558 . . . 1218 . . . . . . . 747 Explosive 18511 | . 508 300 390 115 . 232 . 1236 . 190 1052 254 . 159 215 . 573 . 115 2492 3662 804 754 . . . 1688 . . . . . . 2684 1088 Electromagnetic 587 | . . . 74 . . . . . . . . . . . . . . . . . . . . . . 513 . . . . . . . . . Impact 589 | . . . . . . . . . . 47 . . . . 30 512 . . . . . . . . . . . . . . . . . . . Slashing 5576 | . . . 314 186 . . 96 1084 . 1604 . 755 . . . . . . . 749 . 507 . . . 122 159 . . . . . . . . Piercing . | . . . . . . . . . . . . . . . . . . . . . . . . . . . . . . . . . . . . Highest Corruption 24 | . . . 3 3 3 3 . . . 1 1 4 . . . . . . . 22 22 24 23 . . 1 2 2 1 1 . 7 . 6 14 Average Corruption 7 | . . . 2 3 3 3 . . . 1 1 3 . . . . . . . 11 22 22 11 . . 1 1 2 1 1 . 3 . 4 9 Corruption Purged 39 | . . . . . . . . . . . . . . . . . . . . . . 5 23 . . . . . 1 1 . 8 . 1 . Corruption Blocked . | . . . . . . . . . . . . . . . . . . . . . . . . . . . . . . . . . . . . Effects 441 | . . . 33 18 6 3 . . . 7 13 29 . . . . . . . 114 36 70 9 . . . 7 1 . 1 . 6 . 13 75 Message Errors 110 | . . . 12 6 . . . . . 3 2 5 . . . . . . . 33 6 19 1 . . . 2 . . . . . . 2 19 Matter Fused 113 | . . . 2 6 1 2 . . . 2 4 7 . . . . . . . 27 10 20 4 . . . 2 . . 1 . 2 . 4 19 Heat Flow Errors 42 | . . . 4 . 2 . . . . . 2 6 . . . . . . . 9 2 8 2 . . . 1 . . . . 1 . 1 4 Energy Discharges 62 | . . . 6 2 1 1 . . . . 3 4 . . . . . . . 15 2 6 . . . . 2 1 . . . 3 . . 16 Parts Rejected 4 | . . . . . . . . . . . . . . . . . . . . 2 1 1 . . . . . . . . . . . . . Parts Fused 1 | . . . . . . . . . . . . . . . . . . . . . . 1 . . . . . . . . . . . . . Data Loss (minor) 46 | . . . 6 2 . . . . . 1 2 3 . . . . . . . 10 2 6 1 . . . . . . . . . . 1 12 Data Loss (major) 16 | . . . 1 . 1 . . . . . . . . . . . . . . 8 3 2 1 . . . . . . . . . . . . Misfires 19 | . . . 1 2 . . . . . 1 . 2 . . . . . . . 3 1 4 . . . . . . . . . . . 1 4 Alerts 6 | . . . . . 1 . . . . . . 1 . . . . . . . . 1 1 . . . . . . . . . . . 2 . Misdirections 5 | . . . . . . . . . . . . . . . . . . . . 1 4 . . . . . . . . . . . . . . Weapon Failures 17 | . . . 1 . . . . . . . . 1 . . . . . . . 6 4 2 . . . . . . . . . . . 2 1 Overload Shots 4 | . . . . . . . . . . . . . . . . . . . . . . 1 . . . . . . . . . . . . 3 Overflow Damage 2194 | . 21 . 43 64 . 40 . 33 . 27 . 8 . . . 333 . . 3 362 64 263 25 . . 24 199 . . . . 133 . 437 115 Projectiles 465 | . . . . . . . . . . . . 8 . . . . . . . . . 66 . . . . . . . . . 124 . 224 43 Explosions 848 | . 21 . 3 . . 40 . . . 9 . . . . . . . . 3 103 64 72 25 . . 24 199 . . . . . . 213 72 Melee 881 | . . . 40 64 . . . 33 . 18 . . . . . 333 . . . 259 . 125 . . . . . . . . . 9 . . . Knockbacks 57 | . . . 3 . . . . . . . . . . . . . . . . . . . . . . . . . . . . 10 . 37 7 Impact . | . . . . . . . . . . . . . . . . . . . . . . . . . . . . . . . . . . . . Kinetic 53 | . . . 3 . . . . . . . . . . . . . . . . . . . . . . . . . . . . 8 . 35 7 Secondary 4 | . . . . . . . . . . . . . . . . . . . . . . . . . . . . . . . . 2 . 2 . Self-Inflicted Damage 1014 | . . . . . . . . . . . 17 26 . . . . 42 . 35 144 277 72 . . . 177 90 . . . . . . 134 . Shots 21 | . . . . . . . . . . . 1 1 . . . . 2 . 1 3 6 1 . . . 2 3 . . . . . . 1 . Rammed 11 | . . . . . . . . . . . . 1 . . 3 . . . . 1 . 4 . . . . 1 . . . . 1 . . . Targets Rammed 13 | . . . . . . . . . . . . 1 . . 5 . . . . 1 . 4 . . . . 1 . . . . 1 . . . Kicked . | . . . . . . . . . . . . . . . . . . . . . . . . . . . . . . . . . . . . Crushed 2 | . . . . . . . . . . . . . . . 2 . . . . . . . . . . . . . . . . . . . . Highest Temperature 510 | 180 475 329 263 . 124 . 15 320 . 111 450 421 . 220 132 . 266 . . 445 217 261 194 . . 1 371 210 48 255 . 326 126 197 510 Average Temperature 83 | 76 122 112 61 . 61 . 8 70 . 32 69 84 . 93 46 . 69 . . 126 86 78 75 . . 1 112 67 14 106 . 118 65 89 48 Received Heat Transfer 3867 | . 249 204 426 . . . . 140 . 198 288 69 . 117 . . 261 . . 893 . 51 126 . . 12 443 . 28 72 . 207 . 12 71 Effects 38 | . 8 2 2 . . . . . . . . 2 . . . . 4 . . 10 . . . . . . 3 . . . . . . . 7 Shutdowns 11 | . 1 . . . . . . . . . . 1 . . . . . . . 4 . . . . . . 1 . . . . . . . 4 Energy Bleed 4 | . 1 . . . . . . . . . . 1 . . . . . . . . . . . . . . 1 . . . . . . . 1 Interference 13 | . 3 2 2 . . . . . . . . . . . . . 4 . . 2 . . . . . . . . . . . . . . . Matter Decay 2 | . . . . . . . . . . . . . . . . . . . . 2 . . . . . . . . . . . . . . . Short Circuit 1 | . . . . . . . . . . . . . . . . . . . . . . . . . . . . . . . . . . . 1 Damage (minor) 4 | . . . . . . . . . . . . . . . . . . . . 2 . . . . . . 1 . . . . . . . 1 Damage (major) 3 | . 3 . . . . . . . . . . . . . . . . . . . . . . . . . . . . . . . . . . Siege Activations 33 | . . . . . . . . . . . . . . . . . . . . . . 2 5 1 . . 7 2 . 2 . 3 . 9 2 Total Turns 660 | . . . . . . . . . . . . . . . . . . . . . . 30 124 12 . . 143 30 . 26 . 71 . 206 18 Longest Duration 65 | . . . . . . . . . . . . . . . . . . . . . . 23 65 12 . . 37 22 . 17 . 44 . 61 15 Martial Activations . | . . . . . . . . . . . . . . . . . . . . . . . . . . . . . . . . . . . . Shielding Activations . | . . . . . . . . . . . . . . . . . . . . . . . . . . . . . . . . . . . . Robots Disrupted . | . . . . . . . . . . . . . . . . . . . . . . . . . . . . . . . . . . . . Combat Hostiles . | . . . . . . . . . . . . . . . . . . . . . . . . . . . . . . . . . . . . Robots Corrupted 2 | . . . . . . . . . . . . . . . . . . . . . . . . . . 1 . . . . . 1 . . . Combat Hostiles 1 | . . . . . . . . . . . . . . . . . . . . . . . . . . . . . . . . 1 . . . Parts Fried 4 | . . . . . . . . . . . . . . . . 3 . . . . . . . . . . . . . . . . . 1 . Impact Corruptions 15 | . . . . . . . . . . . . . . . . 12 . . . . . . . . . . . . . . . 1 . 2 . Robots Melted 4 | . . . . . . . . . . . . . . . . . . . . . . 1 3 . . . . . . . . . . . . Combat Hostiles 4 | . . . . . . . . . . . . . . . . . . . . . . 1 3 . . . . . . . . . . . . Parts Melted 23 | 1 6 1 . . . . . . . . . . . . . . . . . 1 . 4 9 . . . 1 . . . . . . . . Heat Transferred 13456 | 397 2211 1421 185 . . . . 240 . 111 . 1520 . 640 . . 160 . . 161 . 1162 4112 . . . 680 . . . . . . . 456 Parts Sabotaged . | . . . . . . . . . . . . . . . . . . . . . . . . . . . . . . . . . . . . Parts Stolen . | . . . . . . . . . . . . . . . . . . . . . . . . . . . . . . . . . . . . Parts Stripped . | . . . . . . . . . . . . . . . . . . . . . . . . . . . . . . . . . . . . Power Chain Reactions 1 | . . . 1 . . . . . . . . . . . . . . . . . . . . . . . . . . . . . . . . Alert | -11 -10 -10 -9 -9 -9 -8 -8 -8 -8 -8 -8 -8 -7 -7 -6 -6 -6 -6 -5 -5 -5 -5 -5 -5 -5 -5 -4 -4 -4 -3 -3 -3 -2 -1 -1 ------- Run | Yrd Mat Min Mat Min Exi Min Mat Gar Mat Gar Mat Gar Fac DSF Fac Low Low Dat Pro Fac Was Fac Ext Cet Arc Hub Fac Upp War Pro Res DSF Res Acc Com Maximum Alert Level 5 | . . . 2 . . . . 4 3 3 2 4 3 3 2 . . . . 4 2 2 1 1 1 5 5 . . . . . . 4 4 Low Security (%) 42 | 100 100 100 34 100 . 100 100 19 . . . . . . . . . . . 44 . 88 78 71 43 50 . . . . 100 100 100 24 . Level 1 11 | . . . 38 . . . . 6 . . 7 3 . . 22 . . . . 15 87 2 21 28 56 9 . . . . . . . 11 . Level 2 19 | . . . 26 . . . . 27 25 72 92 12 . 84 77 . . . . 21 12 8 . . . 20 11 . . . . . . 9 . Level 3 14 | . . . . . . . . 27 75 27 . 41 100 15 . . . . . 4 . . . . . 17 38 . . . . . . 21 69 Level 4 11 | . . . . . . . . 19 . . . 43 . . . . . . . 13 . . . . . 1 44 . . . . . . 32 30 Level 5 . | . . . . . . . . . . . . . . . . . . . . . . . . . . . . . . . . . . . . High Security . | . . . . . . . . . . . . . . . . . . . . . . . . . . . 5 . . . . . . . . Max Security . | . . . . . . . . . . . . . . . . . . . . . . . . . . . . . . . . . . . . Sterilizations 2 | . . . . . . . . . . . . . . 1 . . . . . . . . . . . . . . . . . 1 . . . Peak Influence 1755 | 5 154 111 460 168 . 70 30 1474 722 1050 639 1534 805 855 490 . . . . 1224 448 425 370 244 226 1755 1649 . . . 42 148 83 1490 1529 Initial 945 | . . 57 . 168 . . 19 . 718 443 511 295 805 549 448 . . . . . 426 176 193 106 33 65 849 . . . . . 83 . 945 Average 450 | 1 49 42 280 38 . 14 5 697 705 662 515 1051 798 649 421 . . . . 370 348 133 147 161 187 365 1060 . . . 7 74 5 748 1114 Influence Increases 19551 | 15 518 214 1155 62 . 80 66 1494 4 867 1040 1259 . 306 322 75 275 . 10 1981 184 765 778 178 243 2382 1388 50 272 100 68 158 3 1996 1243 Destroy 0b10 Robot/C 8980 | . 260 120 700 40 . 60 20 680 . 280 640 520 . 220 160 . 240 . . 1040 . 180 440 80 80 520 760 40 220 80 . 100 . 940 560 Destroy 0b10 Robot/NC 815 | 15 70 20 85 10 . . 15 15 . 30 45 30 . . . . 5 . 10 140 . 40 40 5 10 75 60 . 5 . . 20 . 55 15 Destroy Leader 1412 | . 58 30 202 . . 10 12 10 . 10 138 50 . 30 30 . 30 . . 164 . 42 44 . . 158 138 10 . 20 . 10 . 142 74 Allied During Kill 1342 | . . . . . . . . 243 . 9 . 4 . . . . . . . . . . 146 85 90 637 . . 32 . . . . . 96 Successful Hack 691 | . 30 . 32 . . . 4 28 4 26 40 14 . . 32 . . . . 91 . 42 12 . . 50 41 . . . 62 . . 18 165 Select Force Hacks 30 | . 30 . . . . . . . . . . . . . . . . . . . . . . . . . . . . . . . . . . Disable Machine 1260 | . 15 15 30 . . . . 15 . 30 60 30 . 15 30 . . . . 120 . 210 30 . 45 405 90 . . . . . . 105 15 Anti-Garrison Action 1200 | . . . . . . . . 400 . 350 . 450 . . . . . . . . . . . . . . . . . . . . . . . Destroy Structure 3176 | . 40 14 46 12 . 10 . 103 . 117 87 71 . 11 25 . . . . 366 184 236 36 8 18 522 284 . . . 6 28 3 661 288 Partial Spotted 45 | . . . 15 . . . . . . . . . . . . . . . . . . 15 . . . 15 . . . . . . . . . Lose Combat Pursuer 600 | . 15 15 45 . . . 15 . . 15 30 90 . 30 45 75 . . . 60 . . 30 . . . 15 . 15 . . . . 75 30 Influence Decreases 18011 | 15 371 361 722 495 . 30 116 20 796 499 1635 180 749 236 725 488 298 16 10 762 1151 620 984 285 141 833 1474 919 928 224 68 10 151 518 1181 Entered New Map 7973 | . . 90 . 265 . . 31 . 756 239 539 160 729 236 407 168 8 16 . . 793 76 204 85 51 121 886 611 780 124 . . 65 . 533 Time Decay 8047 | 15 361 231 662 230 . 30 85 . 40 . 526 . 20 . 318 320 290 . 10 573 278 522 630 180 70 422 518 278 88 100 68 . 86 468 628 Lost Part 552 | . 10 40 60 . . . . . . 20 20 10 . . . . . . . 120 80 22 . . . . 70 30 . . . 10 . 50 10 Lost Ally 620 | . . . . . . . . 20 . 240 100 10 . . . . . . . . . . . 20 20 140 . . 60 . . . . . 10 Purge Threat 819 | . . . . . . . . . . . 450 . . . . . . . . 69 . . 150 . . 150 . . . . . . . . . Squads Dispatched 88 | . 1 1 4 . . . . . . . 5 . . 1 2 . . . . 12 . 5 1 . . 9 7 . . . . 1 2 19 18 Investigation 9 | . 1 1 2 . . . . . . . 1 . . . . . . . . 3 . . . . . . . . . . . . . 1 . Extermination 23 | . . . . . . . . . . . . . . . 1 . . . . 6 . 3 . . . 2 2 . . . . . . 3 6 Reinforcement 40 | . . . 2 . . . . . . . 3 . . 1 1 . . . . 3 . 2 1 . . 7 3 . . . . 1 2 11 3 Assault 15 | . . . . . . . . . . . 1 . . . . . . . . . . . . . . . 2 . . . . . . 3 9 Garrison 1 | . . . . . . . . . . . . . . . . . . . . . . . . . . . . . . . . . . 1 . Intercept . | . . . . . . . . . . . . . . . . . . . . . . . . . . . . . . . . . . . . Searches Triggered . | . . . . . . . . . . . . . . . . . . . . . . . . . . . . . . . . . . . . Data Miner Redirects 4 | . . . . . . . . . . . . . . . . . . . . . . . . . . . . . . . . . . 2 2 Construction Impeded 8 | . . . . . . . . . . . 1 . . . . . . . . 2 . 1 . . . 3 1 . . . . . . . . Haulers Reinforced 6 | . . . . . . . . . . . . . . . . . . . . . . 1 . . . . 1 . . . . . 2 2 . Active Scanning Responses . | . . . . . . . . . . . . . . . . . . . . . . . . . . . . . . . . . . . . Cargo Convoy Interrupts 1 | . . . . . . . . . . . . . . . . . . . . 1 . . . . . . . . . . . . . . . Stealth | -11 -10 -10 -9 -9 -9 -8 -8 -8 -8 -8 -8 -8 -7 -7 -6 -6 -6 -6 -5 -5 -5 -5 -5 -5 -5 -5 -4 -4 -4 -3 -3 -3 -2 -1 -1 --------- Run | Yrd Mat Min Mat Min Exi Min Mat Gar Mat Gar Mat Gar Fac DSF Fac Low Low Dat Pro Fac Was Fac Ext Cet Arc Hub Fac Upp War Pro Res DSF Res Acc Com Distress Signals 52 | . . . 1 . . . 1 . . . 3 . . . . . . . 1 1 . 1 2 1 . 2 3 . 1 . . . 15 2 18 Communications Jammed 70 | . . . . . . . . . . . . . . . . . . . . . . . . . . . 47 . . . . . . 13 10 Distress Signals 70 | . . . . . . . . . . . . . . . . . . . . . . . . . . . 47 . . . . . . 13 10 Times Spotted 589 | . 21 8 50 3 . 3 4 28 . 12 46 21 . 11 11 6 10 . 2 65 6 5 26 1 5 14 49 2 35 4 . 19 4 58 60 Peak Tracking Total 9 | . 5 2 5 3 . 3 2 5 . 4 5 5 . 4 4 5 4 . 1 8 3 2 8 5 1 2 7 2 9 3 . 7 4 5 7 Tactical Retreats 31 | . 1 1 2 . . . 1 . . 1 1 4 . 2 2 3 . . . 3 . . 2 . . . 1 . 1 . . . . 4 2 Traps | -11 -10 -10 -9 -9 -9 -8 -8 -8 -8 -8 -8 -8 -7 -7 -6 -6 -6 -6 -5 -5 -5 -5 -5 -5 -5 -5 -4 -4 -4 -3 -3 -3 -2 -1 -1 ------- Run | Yrd Mat Min Mat Min Exi Min Mat Gar Mat Gar Mat Gar Fac DSF Fac Low Low Dat Pro Fac Was Fac Ext Cet Arc Hub Fac Upp War Pro Res DSF Res Acc Com Traps Triggered 25 | . 3 . 4 . . . . 2 . 2 2 1 . 2 . . . . . 6 . . . . . . 2 . . . . . . 1 . Indirectly . | . . . . . . . . . . . . . . . . . . . . . . . . . . . . . . . . . . . . Trap Hack Attempts . | . . . . . . . . . . . . . . . . . . . . . . . . . . . . . . . . . . . . Triggered . | . . . . . . . . . . . . . . . . . . . . . . . . . . . . . . . . . . . . Disarmed . | . . . . . . . . . . . . . . . . . . . . . . . . . . . . . . . . . . . . Reprogrammed . | . . . . . . . . . . . . . . . . . . . . . . . . . . . . . . . . . . . . Reused . | . . . . . . . . . . . . . . . . . . . . . . . . . . . . . . . . . . . . Traps Extracted . | . . . . . . . . . . . . . . . . . . . . . . . . . . . . . . . . . . . . Installed . | . . . . . . . . . . . . . . . . . . . . . . . . . . . . . . . . . . . . Triggered . | . . . . . . . . . . . . . . . . . . . . . . . . . . . . . . . . . . . . Machines | -11 -10 -10 -9 -9 -9 -8 -8 -8 -8 -8 -8 -8 -7 -7 -6 -6 -6 -6 -5 -5 -5 -5 -5 -5 -5 -5 -4 -4 -4 -3 -3 -3 -2 -1 -1 ---------- Run | Yrd Mat Min Mat Min Exi Min Mat Gar Mat Gar Mat Gar Fac DSF Fac Low Low Dat Pro Fac Was Fac Ext Cet Arc Hub Fac Upp War Pro Res DSF Res Acc Com Machines Disabled 101 | . 1 1 2 . . . . 7 . 7 4 8 . 1 2 . . . . 8 . 14 2 . 3 27 6 . . . . . . 7 1 Max in Single Turn 11 | . 1 1 1 . . . . 1 . 1 1 1 . 1 1 . . . . 2 . 4 1 . 1 11 4 . . . . . . 1 1 Garrison Access 10 | . . . . . . . . . . . . . . . 1 . . . . 3 . 1 . . . 1 1 . . . . . 1 2 . Garrison Relay 17 | . . . . . . . . 6 . 5 . 6 . . . . . . . . . . . . . . . . . . . . . . . Network Hub 2 | . . . . . . . . . . . . . . . . . . . . . . . . . . 2 . . . . . . . . . Machines Repaired . | . . . . . . . . . . . . . . . . . . . . . . . . . . . . . . . . . . . . Machines Dismantled . | . . . . . . . . . . . . . . . . . . . . . . . . . . . . . . . . . . . . Machines Sabotaged . | . . . . . . . . . . . . . . . . . . . . . . . . . . . . . . . . . . . . Overloaded Fab Kills . | . . . . . . . . . . . . . . . . . . . . . . . . . . . . . . . . . . . . Hacking | -11 -10 -10 -9 -9 -9 -8 -8 -8 -8 -8 -8 -8 -7 -7 -6 -6 -6 -6 -5 -5 -5 -5 -5 -5 -5 -5 -4 -4 -4 -3 -3 -3 -2 -1 -1 --------- Run | Yrd Mat Min Mat Min Exi Min Mat Gar Mat Gar Mat Gar Fac DSF Fac Low Low Dat Pro Fac Was Fac Ext Cet Arc Hub Fac Upp War Pro Res DSF Res Acc Com Machines Accessed 124 | . 10 1 8 1 2 . 2 5 3 3 9 5 1 . 5 1 . 3 . 19 . 6 5 1 . 8 5 1 1 . 5 . . 5 9 Terminals 85 | . 8 . 7 . . . 1 5 1 3 8 5 1 . 4 . . . . 10 . 3 5 1 . 7 2 . . . 2 . . 3 9 Fabricators 1 | . . . . . . . . . . . . . . . . . . . . 1 . . . . . . . . . . . . . . . Repair Stations 9 | . 1 . 1 . . . . . . . . . . . . . . . . 3 . 1 . . . . 1 . . . 2 . . . . Recycling Units 4 | . 1 . . . . . . . . . . . . . . . . . . 1 . 1 . . . . 1 . . . . . . . . Scanalyzers 2 | . . . . . . . . . 1 . . . . . . . . . . 1 . . . . . . . . . . . . . . . Garrison Access 13 | . . . . . . . 1 . 1 . 1 . . . 1 . . . . 3 . 1 . . . 1 1 . . . 1 . . 2 . Total Hacks 398 | . 45 1 21 1 2 . 4 8 6 5 31 9 2 . 16 4 . 23 . 61 . 18 16 1 . 25 15 1 1 . 16 . . 18 48 Successful 229 | . 26 1 12 1 2 . 2 4 5 2 18 1 1 . 9 4 . 23 . 36 . 11 7 1 . 18 9 1 1 . 5 . . 6 23 Failed 169 | . 19 . 9 . . . 2 4 1 3 13 8 1 . 7 . . . . 25 . 7 9 . . 7 6 . . . 11 . . 12 25 Catastrophic 23 | . 1 . 1 . . . . 1 . 1 1 4 . . . . . . . . . 2 3 . . 1 2 . . . 3 . . 2 1 Database Lockouts . | . . . . . . . . . . . . . . . . . . . . . . . . . . . . . . . . . . . . Manual 177 | . 32 . 16 . 1 . 2 . 2 . 22 . . . 11 . . . . 29 . 5 9 1 . 18 6 . 1 . 2 . . 4 16 Terminals 288 | . 41 . 17 . . . 3 8 2 5 30 9 2 . 14 . . . . 35 . 10 16 1 . 22 8 . . . 4 . . 13 48 Fabricators 3 | . . . . . . . . . . . . . . . . . . . . 3 . . . . . . . . . . . . . . . Repair Stations 35 | . 3 . 4 . . . . . . . . . . . . . . . . 11 . 5 . . . . 2 . . . 10 . . . . Recycling Units 8 | . 1 . . . . . . . . . . . . . . . . . . 1 . 2 . . . . 4 . . . . . . . . Scanalyzers 8 | . . . . . . . . . 3 . . . . . . . . . . 5 . . . . . . . . . . . . . . . Garrison Access 23 | . . . . . . . 1 . 1 . 1 . . . 2 . . . . 6 . 1 . . . 3 1 . . . 2 . . 5 . Terminal Hacks 105 | . 9 1 1 1 2 . . 4 . 2 6 1 1 . 2 4 . 23 . 9 . 2 3 1 . 8 2 1 1 . 1 . . 3 17 Record 8 | . . . . . 1 . . . . . . . . . . 4 . 2 . 1 . . . . . . . . . . . . . . . Part Schematic 15 | . 1 . . . . . . . . . . . . . . . . 13 . 1 . . . . . . . . . . . . . . . Robot Schematic 5 | . . . . . . . . . . . . . . . . . . 5 . . . . . . . . . . . . . . . . . Robot Analysis 12 | . 2 . 1 . . . . . . . 2 . . . . . . . . 1 . . . . . 2 . . . . . . . . 4 Prototype ID Bank 13 | . 3 . . . . . . . . . . . . . 1 . . 3 . 1 . . . . . 1 . . . . . . . . 4 Open Door 8 | . . 1 . 1 . . . 2 . . . . . . . . . . . . . . . 1 . . . 1 1 . . . . . 1 Open DSF 2 | . . . . . . . . . . . . . 1 . . . . . . . . . . . . . . . . . 1 . . . . Level Access Points 1 | . . . . . . . . . . . . . . . . . . . . . . . . . . 1 . . . . . . . . . Branch Access Points 2 | . . . . . . . . . . . . . . . . . . . . . . 1 . . . . . . . . . . . 1 . Emergency Access Points 4 | . . . . . . . . 1 . 1 . . . . . . . . . . . . . . . . . . . . . . . . 2 Machine Index 2 | . . . . . . . . . . . . . . . . . . . . . . . . . . . . . . . . . . 1 1 Terminal Index 4 | . 1 . . . . . . . . . . . . . . . . . . . . . 1 . . 1 1 . . . . . . . . Garrison Index 1 | . . . . . . . . . . . 1 . . . . . . . . . . . . . . . . . . . . . . . . Alert Level 7 | . . . . . . . . . . . . . . . . . . . . 1 . 1 . . . 1 1 . . . . . . 1 2 Unreport Threat 7 | . . . . . . . . . . . 3 . . . . . . . . 2 . . 1 . . 1 . . . . . . . . . Locate Traps 4 | . 1 . . . . . . . . . . . . . 1 . . . . 1 . . . . . 1 . . . . . . . . . Hauler Manifests 1 | . 1 . . . . . . . . . . . . . . . . . . . . . . . . . . . . . . . . . . Registered Components 1 | . . . . . . . . . . . . . . . . . . . . . . . . . . . . . . . . . . . 1 Registered Prototypes 1 | . . . . . . . . . . . . . . . . . . . . . . . . . . . . . . . . . . . 1 Zone Layout 2 | . . . . . . . . . . . . . . . . . . . . 1 . . 1 . . . . . . . . . . . . Garrison Registry 1 | . . . . . . . . . . . . 1 . . . . . . . . . . . . . . . . . . . . . . . Patrol Navigation 2 | . . . . . . . . 1 . 1 . . . . . . . . . . . . . . . . . . . . . . . . . Proto ID Catalog 1 | . . . . . 1 . . . . . . . . . . . . . . . . . . . . . . . . . . . . . . Disengage Seal 1 | . . . . . . . . . . . . . . . . . . . . . . . . . . . . . . . . . . . 1 Fabricator Hacks 3 | . . . . . . . . . . . . . . . . . . . . 3 . . . . . . . . . . . . . . . Network Status 1 | . . . . . . . . . . . . . . . . . . . . 1 . . . . . . . . . . . . . . . Load Schematic 1 | . . . . . . . . . . . . . . . . . . . . 1 . . . . . . . . . . . . . . . Build 1 | . . . . . . . . . . . . . . . . . . . . 1 . . . . . . . . . . . . . . . Repair Station Hacks 23 | . 3 . 4 . . . . . . . . . . . . . . . . 8 . 4 . . . . 2 . . . 2 . . . . Scan Component 12 | . 2 . 2 . . . . . . . . . . . . . . . . 4 . 2 . . . . 1 . . . 1 . . . . Repair 11 | . 1 . 2 . . . . . . . . . . . . . . . . 4 . 2 . . . . 1 . . . 1 . . . . Recycling Unit Hacks 3 | . . . . . . . . . . . . . . . . . . . . 1 . 1 . . . . 1 . . . . . . . . Retrieve Components 3 | . . . . . . . . . . . . . . . . . . . . 1 . 1 . . . . 1 . . . . . . . . Scanalyzer 5 | . . . . . . . . . 3 . . . . . . . . . . 2 . . . . . . . . . . . . . . . Retrieve Study 5 | . . . . . . . . . 3 . . . . . . . . . . 2 . . . . . . . . . . . . . . . Garrison Access Hacks 12 | . . . . . . . 1 . 1 . 1 . . . 1 . . . . 3 . 1 . . . 1 1 . . . . . . 2 . Unlock Access 3 | . . . . . . . 1 . 1 . 1 . . . . . . . . . . . . . . . . . . . . . . . . Seal Access 9 | . . . . . . . . . . . . . . . 1 . . . . 3 . 1 . . . 1 1 . . . . . . 2 . Unauthorized Hacks 78 | . 14 . 7 . . . 1 . 1 . 11 . . . 6 . . . . 10 . 3 4 . . 9 3 . . . 2 . . 1 6 Terminals 77 | . 13 . 7 . . . 1 . 1 . 11 . . . 6 . . . . 10 . 3 4 . . 9 3 . . . 2 . . 1 6 Assimilate 7 | . 3 . . . . . . . . . 1 . . . . . . . . 1 . . . . . . . . . . . . . 1 1 Botnet 28 | . 2 . 2 . . . . . . . 3 . . . 2 . . . . 4 . 2 1 . . 4 2 . . . 1 . . . 5 Operators 2 | . 1 . . . . . . . . . 1 . . . . . . . . . . . . . . . . . . . . . . . . Skim 40 | . 7 . 5 . . . 1 . 1 . 6 . . . 4 . . . . 5 . 1 3 . . 5 1 . . . 1 . . . . Fabricators . | . . . . . . . . . . . . . . . . . . . . . . . . . . . . . . . . . . . . Repair Stations . | . . . . . . . . . . . . . . . . . . . . . . . . . . . . . . . . . . . . Recycling Units 1 | . 1 . . . . . . . . . . . . . . . . . . . . . . . . . . . . . . . . . . Tunnel 1 | . 1 . . . . . . . . . . . . . . . . . . . . . . . . . . . . . . . . . . Scanalyzers . | . . . . . . . . . . . . . . . . . . . . . . . . . . . . . . . . . . . . Garrison Access . | . . . . . . . . . . . . . . . . . . . . . . . . . . . . . . . . . . . . Data Cores Recovered 1 | . . . . . . . . . . . 1 . . . . . . . . . . . . . . . . . . . . . . . . Used 1 | . . . . . . . . . . . 1 . . . . . . . . . . . . . . . . . . . . . . . . Hacking Detections 92 | . 9 . 8 . . . 1 3 2 1 8 5 1 . 4 . . . . 14 . 5 5 2 . 8 3 . . . 3 . . 3 7 Full Trace Events 3 | . . . . . . . . . . . 1 1 . . . . . . . 1 . . . . . . . . . . . . . . . Feedback Events . | . . . . . . . . . . . . . . . . . . . . . . . . . . . . . . . . . . . . Feedback Blocked . | . . . . . . . . . . . . . . . . . . . . . . . . . . . . . . . . . . . . Robot Schematics Acquired 5 | . . . . . . . . . . . . . . . . . . 5 . . . . . . . . . . . . . . . . . Robots Built . | . . . . . . . . . . . . . . . . . . . . . . . . . . . . . . . . . . . . Authchips . | . . . . . . . . . . . . . . . . . . . . . . . . . . . . . . . . . . . . Time . | . . . . . . . . . . . . . . . . . . . . . . . . . . . . . . . . . . . . Total Robot Build Rating . | . . . . . . . . . . . . . . . . . . . . . . . . . . . . . . . . . . . . Part Schematics Acquired 15 | . 1 . . . . . . . . . . . . . . . . 13 . 1 . . . . . . . . . . . . . . . Parts Built 1 | . . . . . . . . . . . . . . . . . . . . 1 . . . . . . . . . . . . . . . Authchips . | . . . . . . . . . . . . . . . . . . . . . . . . . . . . . . . . . . . . Time 128 | . . . . . . . . . . . . . . . . . . . . 128 . . . . . . . . . . . . . . . Total Part Build Rating 8 | . . . . . . . . . . . . . . . . . . . . 8 . . . . . . . . . . . . . . . Part Studies Acquired 5 | . . . . . . . . . 3 . . . . . . . . . . 2 . . . . . . . . . . . . . . . Parts Repaired 11 | . 1 . 2 . . . . . . . . . . . . . . . . 4 . 2 . . . . 1 . . . 1 . . . . Time 483 | . 26 . 52 . . . . . . . . . . . . . . . . 147 . 190 . . . . 34 . . . 34 . . . . Parts Recycled . | . . . . . . . . . . . . . . . . . . . . . . . . . . . . . . . . . . . . Recycled Matter . | . . . . . . . . . . . . . . . . . . . . . . . . . . . . . . . . . . . . Retrieved Matter . | . . . . . . . . . . . . . . . . . . . . . . . . . . . . . . . . . . . . Retrieved Components 3 | . . . . . . . . . . . . . . . . . . . . 2 . . . . . . 1 . . . . . . . . Parts Scanalyzed . | . . . . . . . . . . . . . . . . . . . . . . . . . . . . . . . . . . . . Part Schematics Acquired . | . . . . . . . . . . . . . . . . . . . . . . . . . . . . . . . . . . . . Parts Damaged . | . . . . . . . . . . . . . . . . . . . . . . . . . . . . . . . . . . . . Bothacking | -11 -10 -10 -9 -9 -9 -8 -8 -8 -8 -8 -8 -8 -7 -7 -6 -6 -6 -6 -5 -5 -5 -5 -5 -5 -5 -5 -4 -4 -4 -3 -3 -3 -2 -1 -1 ------------ Run | Yrd Mat Min Mat Min Exi Min Mat Gar Mat Gar Mat Gar Fac DSF Fac Low Low Dat Pro Fac Was Fac Ext Cet Arc Hub Fac Upp War Pro Res DSF Res Acc Com Used RIF Installer . | . . . . . . . . . . . . . . . . . . . . . . . . . . . . . . . . . . . . Robots Hacked 2 | . . . . . . . . . . . . . . . . . . . . . . . . . . . . . . . . . . . 2 Non-combat . | . . . . . . . . . . . . . . . . . . . . . . . . . . . . . . . . . . . . Combat 1 | . . . . . . . . . . . . . . . . . . . . . . . . . . . . . . . . . . . 1 Robot Hacks Applied 1 | . . . . . . . . . . . . . . . . . . . . . . . . . . . . . . . . . . . 1 parse_system 1 | . . . . . . . . . . . . . . . . . . . . . . . . . . . . . . . . . . . 1 Manual 2 | . . . . . . . . . . . . . . . . . . . . . . . . . . . . . . . . . . . 2 Relay Couplers Released 79 | . . . . . . . . 22 . 18 . 25 . . . . . . . . . . . . . 7 4 . . . . . 3 . . Machine Destruction 68 | . . . . . . . . 22 . 18 . 25 . . . . . . . . . . . . . . . . . . . . 3 . . Programmers 11 | . . . . . . . . . . . . . . . . . . . . . . . . . . 7 4 . . . . . . . . Fabnet Peak Effective % . | . . . . . . . . . . . . . . . . . . . . . . . . . . . . . . . . . . . . Robots Rewired 19 | . . . . . . . . 2 . 6 . . . . . . . . . . . . 6 . . . . . 5 . . . . . . Allies Hacked 4 | . . . . . . . . 4 . . . . . . . . . . . . . . . . . . . . . . . . . . . Hacks Repelled . | . . . . . . . . . . . . . . . . . . . . . . . . . . . . . . . . . . . . Allies | -11 -10 -10 -9 -9 -9 -8 -8 -8 -8 -8 -8 -8 -7 -7 -6 -6 -6 -6 -5 -5 -5 -5 -5 -5 -5 -5 -4 -4 -4 -3 -3 -3 -2 -1 -1 -------- Run | Yrd Mat Min Mat Min Exi Min Mat Gar Mat Gar Mat Gar Fac DSF Fac Low Low Dat Pro Fac Was Fac Ext Cet Arc Hub Fac Upp War Pro Res DSF Res Acc Com Total Allies 43 | . . . . . . . . 7 . 6 1 1 . . . . . . . . . . 16 5 . . . . 5 . . . . 1 1 Largest Group 18 | . . . . . . . . 5 2 5 3 1 . . . . . . . . . . 16 18 18 14 . . 5 . . . . 1 1 Highest-Rated Group 1015 | . . . . . . . . 293 70 118 15 20 . . . . . . . . . . 628 1015 1015 774 . . 275 . . . . 45 219 Highest-Rated Ally 219 | . . . . . . . . 178 39 39 10 20 . . . . . . . . . . 159 159 159 96 . . 64 . . . . 45 219 Initial Warlord ECA Mod 43 | . . . . . . . . . 10 10 19 19 28 28 37 37 37 37 36 36 36 36 36 36 36 36 35 35 35 34 34 34 43 42 42 Total Orders 15 | . . . . . . . . . . 10 2 1 . . . . . . . . . . . . . . . . . . . . . 2 . STAY 1 | . . . . . . . . . . . . 1 . . . . . . . . . . . . . . . . . . . . . . . EXPLORE 13 | . . . . . . . . . . 9 2 . . . . . . . . . . . . . . . . . . . . . . 2 . RETURN 1 | . . . . . . . . . . 1 . . . . . . . . . . . . . . . . . . . . . . . . . Ally Attacks 481 | . . . . . . . . 55 . 28 24 2 . . . . . . . . . . 38 17 28 217 . . 28 . . . . . 44 Total Damage 14892 | . . . . . . . . 1359 . 220 135 78 . . . . . . . . . . 1000 314 695 5860 . . 908 . . . . . 4323 Kills 80 | . . . . . . . . 10 . 2 . 1 . . . . . . . . . . 4 2 3 39 . . 6 . . . . . 13 Allies Corrupted 2 | . . . . . . . . . . . . . . . . . . . . . . . . . . 2 . . . . . . . . . Allies Melted 4 | . . . . . . . . . . . . . . . . . . . . . . . . . . 1 . . . . . . 3 . . Intel | -11 -10 -10 -9 -9 -9 -8 -8 -8 -8 -8 -8 -8 -7 -7 -6 -6 -6 -6 -5 -5 -5 -5 -5 -5 -5 -5 -4 -4 -4 -3 -3 -3 -2 -1 -1 ------- Run | Yrd Mat Min Mat Min Exi Min Mat Gar Mat Gar Mat Gar Fac DSF Fac Low Low Dat Pro Fac Was Fac Ext Cet Arc Hub Fac Upp War Pro Res DSF Res Acc Com Active Infowar (turns) 24020 | 27 251 529 2488 873 388 231 382 1345 80 373 . . 41 . 50 1459 2049 102 411 2346 547 1195 . . . . 1287 617 389 1135 262 344 1570 1432 1817 Optics 2389 | . . . 2388 . . . . . . . . . . . . . . . . . . . . . . . . . 1 . . . . . . Sensors 6018 | . . . . . . . . . . . . . . . . 1459 2026 102 411 . . . . . . . . 556 329 1135 . . . . . Terrain 4698 | . . . . . . . . . . . . . . . . . . . . . . . . . . . 1005 552 364 1134 58 . 1145 436 4 Traps 50 | . . . . . . . . . . . . . . . 50 . . . . . . . . . . . . . . . . . . . . Seismic 4620 | 27 251 529 100 873 388 231 382 1345 80 373 . . 41 . . . . . . . . . . . . . . . . . . . . . . Decoding 5424 | . . . . . . . . . . . . . . . . . . . . . . . . . . . . . . . 261 344 1570 1432 1817 Machine Analysis 5976 | . . . . . . . . . . . . . . . . . 1721 102 411 2000 547 1195 . . . . . . . . . . . . . Jamming 2369 | . . . . . . . . . . . . . . . . . . . . 496 . 2 . . . . 337 63 . . . . . 611 860 Robot Analysis Total 12 | . 2 . 1 . . . . . . . 2 . . . . . . . . 1 . . . . . 2 . . . . . . . . 4 Derelict Logs Recovered 7 | . . 1 . 1 . . . . . . . . . . . 1 3 . 1 . . . . . . . . . . . . . . . . Drone Launches 20 | . . . . . . . . . . 14 3 . . . . . . . . . . . . . . . . . . . . . . 3 . Drone Recoveries 4 | . . . . . . . . . . 1 . . . . . . . . . . . . . . . . . . . . . . . 3 . Decoded 0b10 Intel 153 | . . . . . . . . . . . . . . . . . . . . . . . . . . . . . . . 6 7 47 41 52 Traps 10 | . . . . . . . . . . . . . . . . . . . . . . . . . . . . . . . 1 1 . 2 6 Emergency Access 18 | . . . . . . . . . . . . . . . . . . . . . . . . . . . . . . . . . 8 4 6 Items 107 | . . . . . . . . . . . . . . . . . . . . . . . . . . . . . . . 4 5 33 32 33 Machines 11 | . . . . . . . . . . . . . . . . . . . . . . . . . . . . . . . 1 . 6 . 4 Patrols 4 | . . . . . . . . . . . . . . . . . . . . . . . . . . . . . . . . 1 . 1 2 Guards 3 | . . . . . . . . . . . . . . . . . . . . . . . . . . . . . . . . . . 2 1 Exploration | -11 -10 -10 -9 -9 -9 -8 -8 -8 -8 -8 -8 -8 -7 -7 -6 -6 -6 -6 -5 -5 -5 -5 -5 -5 -5 -5 -4 -4 -4 -3 -3 -3 -2 -1 -1 ------------- Run | Yrd Mat Min Mat Min Exi Min Mat Gar Mat Gar Mat Gar Fac DSF Fac Low Low Dat Pro Fac Was Fac Ext Cet Arc Hub Fac Upp War Pro Res DSF Res Acc Com Turns Passed 37881 | 135 1332 647 2508 881 388 231 382 1345 80 1304 1469 1677 42 305 715 1507 2090 102 411 3735 610 1466 2192 371 148 1033 1507 617 1665 1167 262 344 1570 1432 2211 Spaces Moved 18588 | 62 729 577 1151 518 224 104 147 664 60 662 643 731 24 88 324 829 950 78 301 1721 418 727 885 117 67 564 581 322 962 561 135 113 934 531 1084 Core 2 | 2 . . . . . . . . . . . . . . . . . . . . . . . . . . . . . . . . . . . Treads 14331 | 60 544 . 1086 518 224 104 147 458 . . 582 731 24 88 324 829 944 . . 756 8 48 885 117 67 564 581 322 962 561 135 113 934 531 1084 Legs . | . . . . . . . . . . . . . . . . . . . . . . . . . . . . . . . . . . . . Wheels 4255 | . 185 577 65 . . . . 206 60 662 61 . . . . . 6 78 301 965 410 679 . . . . . . . . . . . . . Hover . | . . . . . . . . . . . . . . . . . . . . . . . . . . . . . . . . . . . . Flight . | . . . . . . . . . . . . . . . . . . . . . . . . . . . . . . . . . . . . Fastest Speed 50 | 50 95 80 80 160 160 160 160 130 130 115 130 170 170 170 170 170 130 130 130 95 105 106 155 155 155 155 155 155 155 155 155 155 160 160 160 Average Speed 152 | 156 143 81 155 160 169 216 160 150 130 129 170 170 170 170 170 170 169 130 130 146 118 119 155 155 155 155 155 155 155 155 155 159 160 160 160 Slowest Speed 250 | 160 160 95 160 160 240 240 160 160 130 130 250 250 170 170 170 170 170 130 130 250 168 225 155 155 155 155 232 155 155 155 155 250 160 160 250 Overloaded Moves . | . . . . . . . . . . . . . . . . . . . . . . . . . . . . . . . . . . . . Propulsion Burnouts . | . . . . . . . . . . . . . . . . . . . . . . . . . . . . . . . . . . . . Robots Hopped . | . . . . . . . . . . . . . . . . . . . . . . . . . . . . . . . . . . . . Potential Cave-ins 25 | . . . . . . . . . . . . . . . . . . . . . . . . . . . 4 . 15 . . . 3 3 . Cave-ins Triggered 1 | . . . . . . . . . . . . . . . . . . . . . . 1 . . . . . . . . . . . . . Exploration Rate (%) 57 | 3 99 97 93 91 59 40 10 94 11 91 68 76 1 81 8 66 95 70 49 47 99 18 92 56 77 58 15 47 88 71 7 86 44 20 48 Regions Visited 35 Branch Regions 16 Pre-discovered Areas 13 | . 2 2 1 . . . . . . . 3 . . . . 1 1 1 1 . . . . . . 1 . . . . . . . . . Known Exits Taken 21 | . . 1 . . . 1 1 . 1 . 1 . 1 . 1 1 1 1 1 . . 1 1 . . 1 1 1 1 1 1 . 1 1 . Unknown Exits Taken 7 | 1 1 . 1 1 1 . . . . . . . . . . . . . . . . . . 1 1 . . . . . . . . . . Scrap Searched 18 | . . 3 . 1 . . . . . . . . . . . 4 3 . 2 . . . . . . . . 2 . 3 . . . . . Spaces Dug 390 | . 10 5 15 15 . 15 . 9 . 1 3 2 . . 1 1 . . . 51 . 25 5 . . 164 11 5 4 2 3 . . 30 13 Terrain Destroyed 1916 | . 37 15 41 15 . 15 . 34 . 15 87 40 . 11 26 1 89 . 29 245 160 147 12 . 8 295 165 12 23 20 3 18 1 273 79 Melee 95 | . . . 8 1 . . . 2 . 1 3 . . . . 1 . . . 37 . 17 . . . 5 3 . 1 2 3 . . 6 5 Projectile 363 | . 3 . . . . . . 1 . . . 2 . . 1 . 1 . . 42 . 17 7 . 8 6 59 12 22 18 . 18 1 109 36 AOE 1457 | . 34 15 33 14 . 15 . 31 . 14 84 38 . 11 25 . 88 . 29 165 160 113 5 . . 284 103 . . . . . . 158 38 Terrain Rammed . | . . . . . . . . . . . . . . . . . . . . . . . . . . . . . . . . . . . . Walls Destroyed . | . . . . . . . . . . . . . . . . . . . . . . . . . . . . . . . . . . . . Machines Disabled . | . . . . . . . . . . . . . . . . . . . . . . . . . . . . . . . . . . . . Actions | -11 -10 -10 -9 -9 -9 -8 -8 -8 -8 -8 -8 -8 -7 -7 -6 -6 -6 -6 -5 -5 -5 -5 -5 -5 -5 -5 -4 -4 -4 -3 -3 -3 -2 -1 -1 --------- Run | Yrd Mat Min Mat Min Exi Min Mat Gar Mat Gar Mat Gar Fac DSF Fac Low Low Dat Pro Fac Was Fac Ext Cet Arc Hub Fac Upp War Pro Res DSF Res Acc Com Total 25601 | 81 902 689 1639 560 235 107 273 848 63 918 901 973 25 200 456 915 1356 78 318 2550 489 1244 1599 295 96 705 994 415 1086 829 181 217 1009 898 1457 Wait 4244 | 2 87 51 287 23 . . 102 40 . 70 153 96 . 65 63 71 345 . 11 456 8 362 586 159 21 122 242 32 21 242 35 34 31 191 236 Move 18556 | 61 728 576 1150 517 223 103 147 663 60 661 643 729 23 87 323 828 949 77 300 1721 417 726 884 116 66 563 580 321 961 560 134 112 933 530 1084 Hop . | . . . . . . . . . . . . . . . . . . . . . . . . . . . . . . . . . . . . Pick Up 233 | 3 9 8 20 1 3 . 5 2 . 5 7 5 . 3 12 3 . . 3 29 6 21 11 3 1 2 10 7 14 2 1 6 12 7 12 Fast Attach 177 | 6 5 3 12 3 . . 2 1 . 1 9 4 . 4 4 . 4 . . 26 5 20 5 2 . . 8 9 11 . 1 13 5 3 11 Attach 137 | 1 1 4 4 1 3 . 2 . 1 3 4 3 2 . 7 2 1 . . 23 5 9 6 . . 1 14 5 4 1 2 3 3 14 8 Detach 47 | . . . . 1 1 . . . . 1 1 . . . 1 1 . . . 5 2 4 . . . . 6 7 2 . . 3 2 4 6 Swap 350 | . 11 4 21 2 1 2 2 24 . 17 19 24 . 10 11 . 13 1 . 50 2 8 14 3 1 3 31 7 7 11 2 4 8 19 18 Drop 288 | . 6 9 18 5 4 . 2 3 2 4 14 4 . 8 14 3 6 . 1 29 2 24 14 7 1 3 8 12 25 2 2 17 14 9 16 Fire 1098 | 8 55 34 110 3 . 2 4 44 . 19 48 70 . 23 14 . 38 . 3 157 42 42 46 5 6 4 83 15 25 9 . 24 1 105 59 Melee 328 | . . . 17 4 . . 7 44 . 83 3 36 . . 2 7 . . . 53 . 24 . . . 7 11 . 1 2 4 . . 16 7 Ram 4 | . . . . . . . . . . . . . . . . . . . . . . 4 . . . . . . . . . . . . . Kick . | . . . . . . . . . . . . . . . . . . . . . . . . . . . . . . . . . . . . Crush 9 | . . . . . . . . . . . . 1 . . 5 . . . . 1 . . . . . . 1 . . . . 1 . . . Escape Stasis 17 | . . . . . . . . 8 . 8 . 1 . . . . . . . . . . . . . . . . . . . . . . . Rewire 113 | . . . . . . . . 19 . 46 . . . . . . . . . . . . 33 . . . . . 15 . . . . . . Trap . | . . . . . . . . . . . . . . . . . . . . . . . . . . . . . . . . . . . . Miscellaneous . | . . . . . . . . . . . . . . . . . . . . . . . . . . . . . . . . . . . . Route ------- -11/Scrapyard -10/Materials (discovered 6 exits: *Mat x3 / *Min x2 / *Sub) -10/Mines (discovered 2 exits: *Mat x2) -9/Materials (discovered 4 exits: *Mat x3 / *Min) -9/Mines (discovered 3 exits: *Mat x2 / *Exi) -9/Exiles -8/Mines -8/Materials (discovered 2 exits: Sto / Gar) -8/Garrison (discovered 3 exits: *Mat x3) -8/Materials -8/Garrison (discovered 4 exits: *Fac x3 / *Mat) -8/Materials (discovered 5 exits: *Fac x3 / *Sto / Gar) -8/Garrison (discovered 3 exits: *Fac x3) -7/Factory (discovered 2 exits: Low / DSF) -7/DSF -6/Factory -6/Lower Caves -6/Lower Caves (discovered 2 exits: *Fac / *Dat) -6/Data Miner -5/Proximity Caves -5/Factory (discovered 6 exits: *Fac x3 / *Upp x2 / Ext) -5/Waste -5/Factory (discovered 7 exits: Fac x3 / Upp x2 / *Ext x2) -5/Extension (discovered 2 exits: *Fac / *Cet) -5/Cetus -5/Archives (discovered 2 exits: *Hub x2) -5/Hub_04(d) (discovered 4 exits: *Fac x4) -4/Factory (discovered 3 exits: *Res x2 / *Upp) -4/Upper Caves -4/Warlord -3/Proximity Caves -3/Research -3/DSF -2/Research (discovered 3 exits: *Acc / *Tes x2) -1/Access -1/Command Free Derelict Territories History --------- Turn | Location | Event 11 | -11/Scrapyard | Discovered new exit (range 14) 136 | -11/Scrapyard | Entered Materials 306 | -10/Materials | Build established: Mutant 318 | -10/Materials | Discovered new exit (range 15) 598 | -10/Materials | Repaired Med. Laser 733 | -10/Materials | Discovered new exit (range 7) 811 | -10/Materials | Discovered new exit (range 8) 870 | -10/Materials | Discovered new exit (range 12) 876 | -10/Materials | Learned Storage emergency access door positions 949 | -10/Materials | Identified exit to Materials 949 | -10/Materials | Identified exit to Subcaves 1148 | -10/Materials | Learned location of Subcaves (-10) 1195 | -10/Materials | Learned Storage trap positions 1468 | -10/Materials | Entered Mines 1626 | -10/Mines | Core integrity fell below 50% 1834 | -10/Mines | Discovered exit to Materials (range 6) 1884 | -10/Mines | Build established: Scavenger-Mutant 1888 | -10/Mines | Learned location of Zion (-7) 1948 | -10/Mines | Met a Derelict shopkeep closing up shop 2096 | -10/Mines | Learned location of Storage (-8) 2115 | -10/Mines | Entered Materials 2115 | -9/Materials | Evolved 2 slots: Propulsion x1, Utility x1 2289 | -9/Materials | Lost 4 parts (1p2n1u) 2667 | -9/Materials | Discovered new exit (range 15) 3346 | -9/Materials | Discovered new exit (range 17) 3892 | -9/Materials | Discovered new exit (range 18) 4283 | -9/Materials | Discovered new exit (range 5) 4368 | -9/Materials | Identified exit to Materials 4406 | -9/Materials | Learned Storage security intel 4449 | -9/Materials | Repaired Lgt. Treads 4476 | -9/Materials | Repaired Lgt. Treads 4507 | -9/Materials | Learned Storage emergency access door positions 4623 | -9/Materials | Entered Mines 4628 | -9/Mines | Learned Materials security intel 4976 | -9/Mines | Deemed a non-threat by the Exiles lab entrance 5087 | -9/Mines | Found the Drone Emporium 5096 | -9/Mines | Found Prototype Device 5096 | -9/Mines | Identified Bomb Drone Bay 5494 | -9/Mines | Discovered new exit (range 5) 5504 | -9/Mines | Entered Exiles 5543 | -9/Exiles | Met 8R-AWN 5580 | -9/Exiles | Met EX-HEX 5623 | -9/Exiles | Met EX-BIN 5642 | -9/Exiles | Aligned with FarCom system 5644 | -9/Exiles | Given EX-Vault access code 5682 | -9/Exiles | Opened EX-Vault 5692 | -9/Exiles | Found Gui. Plasma Cannon 5724 | -9/Exiles | Warned to stay clear of 0b10 Research branches 5772 | -9/Exiles | Met EX-DEC 5870 | -9/Exiles | Discovered new exit (range 11) 5892 | -9/Exiles | Left Exiles lab with Gui. Plasma Cannon 5892 | -9/Exiles | Entered Mines 6099 | -8/Mines | Discovered exit to Materials (range 13) 6123 | -8/Mines | Entered Materials 6123 | -8/Materials | Evolved 2 slots: Propulsion x1, Weapon x1 6124 | -8/Materials | Identified exit to Storage 6505 | -8/Materials | Identified exit to Garrison 6505 | -8/Materials | Entered Garrison 6580 | -8/Garrison | Rescued AZ-K3N 6610 | -8/Garrison | Triggered checkpoint 6615 | -8/Garrison | AZ-K3N assimilated hostile G-47 Trooper 6642 | -8/Garrison | Garrison Relay disabled 6775 | -8/Garrison | Triggered checkpoint 6811 | -8/Garrison | Triggered checkpoint 6881 | -8/Garrison | Discovered new exit (range 10) 7007 | -8/Garrison | Triggered checkpoint 7054 | -8/Garrison | Garrison Relay disabled 7253 | -8/Garrison | Garrison Relay disabled 7307 | -8/Garrison | Garrison Relay disabled 7325 | -8/Garrison | Discovered new exit (range 3) 7456 | -8/Garrison | Triggered checkpoint 7464 | -8/Garrison | AZ-K3N assimilated hostile G-50 Soldier 7561 | -8/Garrison | Discovered new exit (range 13) 7583 | -8/Garrison | AZ-K3N assimilated hostile L-31 Rogue 7663 | -8/Garrison | Triggered checkpoint 7691 | -8/Garrison | Garrison Relay disabled 7697 | -8/Garrison | Garrison Relay disabled 7850 | -8/Garrison | Entered Materials 7850 | -8/Materials | Accompanied by 2 allies 7930 | -8/Materials | Identified exit to Garrison 7930 | -8/Materials | Entered Garrison 7930 | -8/Garrison | Accompanied by 2 allies 8038 | -8/Garrison | Garrison Relay disabled 8062 | -8/Garrison | Triggered checkpoint 8088 | -8/Garrison | Triggered checkpoint 8119 | -8/Garrison | Garrison Relay disabled 8174 | -8/Garrison | P-60 Hacker assimilated allied Trooper 3a 8216 | -8/Garrison | Lost 4 allies 8326 | -8/Garrison | Triggered checkpoint 8347 | -8/Garrison | Triggered checkpoint 8348 | -8/Garrison | Lost 4 allies 8358 | -8/Garrison | Triggered checkpoint 8478 | -8/Garrison | Garrison Relay disabled 8496 | -8/Garrison | Discovered new exit (range 8) 8651 | -8/Garrison | Discovered new exit (range 15) 8727 | -8/Garrison | Garrison Relay disabled 8844 | -8/Garrison | Discovered new exit (range 5) 8879 | -8/Garrison | Triggered checkpoint 8935 | -8/Garrison | Garrison Relay disabled 8988 | -8/Garrison | Triggered checkpoint 9055 | -8/Garrison | Discovered new exit (range 5) 9234 | -8/Garrison | Entered Materials 9234 | -8/Materials | Accompanied by 3 allies 9320 | -8/Materials | Discovered exit to Storage (range 21) 9355 | -8/Materials | Lost 6 allies 9634 | -8/Materials | First assault squad dispatched 9807 | -8/Materials | Build established: Skirmisher 10116 | -8/Materials | Discovered new exit (range 8) 10403 | -8/Materials | Learned location of 1 exit from Extension 10445 | -8/Materials | Discovered new exit (range 4) 10474 | -8/Materials | Identified exit to Factory 10493 | -8/Materials | Learned Storage emergency access door positions 10500 | -8/Materials | Learned 4 Recycling zone layouts 10501 | -8/Materials | Learned location of Lower Caves (-6) 10511 | -8/Materials | Learned Factory garrison access intel 10703 | -8/Materials | Identified exit to Garrison 10703 | -8/Materials | Entered Garrison 10703 | -8/Garrison | Accompanied by 1 ally 10763 | -8/Garrison | Garrison Relay disabled 10815 | -8/Garrison | Triggered checkpoint 10929 | -8/Garrison | Triggered checkpoint 11404 | -8/Garrison | Discovered exit to Factory (range 83) 11404 | -8/Garrison | Discovered exit to Factory (range 96) 11404 | -8/Garrison | Discovered exit to Factory (range 20) 11432 | -8/Garrison | Garrison Relay disabled 11515 | -8/Garrison | Triggered checkpoint 11660 | -8/Garrison | Build established: Mutant 11665 | -8/Garrison | Rescued a captive Derelict 12039 | -8/Garrison | Triggered checkpoint 12119 | -8/Garrison | Attempted to access garrison exit controls, blocked by remote lockdown 12135 | -8/Garrison | Build established: Skirmisher 12380 | -8/Garrison | Entered Factory 12380 | -7/Factory | Evolved 2 slots: Propulsion x1, Utility x1 12381 | -7/Factory | Identified exit to Lower Caves 12382 | -7/Factory | Loaded intel: 4 garrison access locations 12422 | -7/Factory | Identified exit to DSF 12422 | -7/Factory | Entered DSF 12455 | -7/DSF | Additional patrols routed to DSF 12612 | -7/DSF | Discovered new exit (range 15) 12718 | -7/DSF | Sterilization system engaged 12727 | -7/DSF | Entered Factory 12727 | -6/Factory | Evolved 2 slots: Propulsion x1, Utility x1 12733 | -6/Factory | Destroyed 7 combat bots 12793 | -6/Factory | Build established: Scavenger-Skirmisher 13360 | -6/Factory | Discovered new exit (range 7) 13425 | -6/Factory | Identified exit to Lower Caves 13442 | -6/Factory | Entered Lower Caves 13551 | -6/Lower Caves | Met a Warlord Commander 13552 | -6/Lower Caves | Learned location of Warlord (-4) 13553 | -6/Lower Caves | Warlord Commander delivered Encrypted Comm Array 13582 | -6/Lower Caves | Found Encrypted Comm Array 13624 | -6/Lower Caves | Encountered a Warlord checkpoint 13679 | -6/Lower Caves | Build established: Scavenger-Mutant 13928 | -6/Lower Caves | Learned Factory emergency access door positions 14762 | -6/Lower Caves | Learned Factory terminal intel 14762 | -6/Lower Caves | Learned Research security intel 14762 | -6/Lower Caves | Learned Extension emergency access door positions 14888 | -6/Lower Caves | Discovered new exit (range 11) 14903 | -6/Lower Caves | Identified exit to Lower Caves 14949 | -6/Lower Caves | Entered another Lower Caves area 14951 | -6/Lower Caves | Discovered new exit (range 7) 15072 | -6/Lower Caves | Learned location of 2 exits from Factory 15247 | -6/Lower Caves | Build established: Scavenger-Skirmisher 15566 | -6/Lower Caves | Build established: Skirmisher 16593 | -6/Lower Caves | Encountered a Warlord checkpoint 16849 | -6/Lower Caves | Learned Factory emergency access door positions 17012 | -6/Lower Caves | Discovered new exit (range 13) 17038 | -6/Lower Caves | Identified exit to Data Miner 17039 | -6/Lower Caves | Entered Data Miner 17039 | -6/Data Miner | Discovered new exit (range 6) 17064 | -6/Data Miner | Met Data Miner 17091 | -6/Data Miner | Learned location of Section 7 (-2) 17091 | -6/Data Miner | Acquired the access code to Warlord's prototype stash 17110 | -6/Data Miner | Received God Mode back door access code from Data Miner 17138 | -6/Data Miner | Identified exit to Proximity Caves 17141 | -6/Data Miner | Entered Proximity Caves 17285 | -5/Proximity Caves | Learned location of Armory (-3) 17496 | -5/Proximity Caves | Discovered new exit (range 8) 17509 | -5/Proximity Caves | Identified exit to Factory 17552 | -5/Proximity Caves | Entered Factory 17552 | -5/Factory | Evolved 2 slots: Utility x1, Weapon x1 17553 | -5/Factory | Identified exit to Extension 17554 | -5/Factory | Identified exit to Factory 17556 | -5/Factory | Loaded intel: 27 terminal locations 17900 | -5/Factory | Build established: Scavenger-Tank 17979 | -5/Factory | Watched by a mysterious "MATRIX" hacker. 18329 | -5/Factory | Repaired Hrd. Heavy Armor Plating 18341 | -5/Factory | Discovered new exit (range 14) 18624 | -5/Factory | Discovered new exit (range 15) 19504 | -5/Factory | Found Mni. Smartbomb Launcher 19551 | -5/Factory | Learned 2 Upper Caves zone layouts 19656 | -5/Factory | Learned 2 Proximity Caves zone layouts 19692 | -5/Factory | Learned location of 3 exits from Factory 19717 | -5/Factory | Learned location of 1 exit from Testing 19730 | -5/Factory | Learned Quarantine stockpile data 19751 | -5/Factory | Loaded intel: 217 non-interactive machine locations 19769 | -5/Factory | Fabricated Adv. Heavy Treads? 19781 | -5/Factory | Learned Testing stockpile data 19820 | -5/Factory | Loaded intel: 4 scanalyzer locations 19856 | -5/Factory | Build established: Tank 19869 | -5/Factory | System corruption reached 10% 20060 | -5/Factory | Discovered exit to Factory (range 12) 20072 | -5/Factory | Cargo convoy interrupted 20239 | -5/Factory | Repaired Rnf. Deuterium Engine 20302 | -5/Factory | Repaired Imp. Remote Shield 20410 | -5/Factory | Repaired Imp. Grenade Launcher 20819 | -5/Factory | Destroyed 7 combat bots 20837 | -5/Factory | Lost 4 parts (1p2u1w) 21172 | -5/Factory | Build established: Scavenger-Tank 21287 | -5/Factory | Sucked down chute 21287 | -5/Factory | Entered Waste 21300 | -5/Waste | Spotted C-40 Crusher 21307 | -5/Waste | Spotted C-40 Crusher 21309 | -5/Waste | Destroyed C-40 Crusher 21322 | -5/Waste | Crushed by Compactor (1 part destroyed, 2 dropped) 21325 | -5/Waste | Crushed by Compactor (1 part destroyed, 2 dropped) 21328 | -5/Waste | Crushed by Compactor (1 part destroyed, 2 dropped) 21331 | -5/Waste | Destroyed C-40 Crusher 21352 | -5/Waste | Spotted C-40 Crusher 21355 | -5/Waste | Spotted C-40 Crusher 21357 | -5/Waste | Destroyed C-40 Crusher 21362 | -5/Waste | Lost 6 parts (3n2u1w) 21370 | -5/Waste | Destroyed C-40 Crusher 21372 | -5/Waste | Spotted C-40 Crusher 21462 | -5/Waste | Spotted C-40 Crusher 21477 | -5/Waste | Destroyed C-40 Crusher 21637 | -5/Waste | Build established: Mutant 21717 | -5/Waste | Crushed by Compactor (1 part destroyed) 21738 | -5/Waste | Destroyed C-40 Crusher 21812 | -5/Waste | Discovered new exit (range 15) 21824 | -5/Waste | Found Broken Adv. Powered Armor 21897 | -5/Waste | Entered Factory 21898 | -5/Factory | Identified exit to Upper Caves 22302 | -5/Factory | Build established: Tank 22582 | -5/Factory | Repaired Broken Adv. Powered Armor 22678 | -5/Factory | Repaired Broken Adv. Recalibrator? 22694 | -5/Factory | Build established: Mutant 23092 | -5/Factory | Crushed by falling debris 23134 | -5/Factory | Lost 3 parts (1n1u1w) 23363 | -5/Factory | Entered Extension 23364 | -5/Extension | Identified exit to Cetus 23437 | -5/Extension | Build established: Tank 24194 | -5/Extension | Destroyed 7 combat bots 24199 | -5/Extension | Spotted B-75 Beast 24207 | -5/Extension | Destroyed B-75 Beast 24494 | -5/Extension | Rescued a captive Derelict 24494 | -5/Extension | Rescued a captive Derelict 24534 | -5/Extension | Rescued A7 24680 | -5/Extension | Rescued a captive Derelict 24891 | -5/Extension | Spotted B-75 Beast 24896 | -5/Extension | Destroyed B-75 Beast 25158 | -5/Extension | Rescued a captive Derelict 25159 | -5/Extension | Rescued a captive Derelict 25423 | -5/Extension | Rescued a captive Derelict 25440 | -5/Extension | Rescued a captive Derelict 25455 | -5/Extension | Rescued a captive Derelict 25456 | -5/Extension | Rescued a captive Derelict 25504 | -5/Extension | Discovered exit to Factory (range 10) 25511 | -5/Extension | Build established: Commander-Tank 25555 | -5/Extension | Entered Cetus 25555 | -5/Cetus | Accompanied by 16 allies (A7) 25560 | -5/Cetus | Acquired a Cetus Manufacturing Module code from A7 25585 | -5/Cetus | Spotted Cetus Guard 25587 | -5/Cetus | Destroyed Cetus Guard 25594 | -5/Cetus | Destroyed Cetus Guard 25625 | -5/Cetus | Lost 3 allies 25719 | -5/Cetus | Started Cetus Manufacturing Module 25731 | -5/Cetus | Escorted A7 to Cetus Mainframe 25744 | -5/Cetus | Manufactured an Enhanced Grunt 25748 | -5/Cetus | Discovered new exit (range 16) 25769 | -5/Cetus | Manufactured an Enhanced Grunt 25794 | -5/Cetus | Manufactured an Enhanced Grunt 25819 | -5/Cetus | Manufactured an Enhanced Grunt 25844 | -5/Cetus | Manufactured an Enhanced Grunt 25926 | -5/Cetus | Entered Archives 25926 | -5/Archives | Accompanied by 18 allies (A7) 25931 | -5/Archives | Received a hacking code to weaken MAIN.C 25975 | -5/Archives | Lost 3 allies 26013 | -5/Archives | Discovered new exit (range 15) 26026 | -5/Archives | Discovered new exit (range 16) 26074 | -5/Archives | Entered Hub_04(d) 26074 | -5/Hub_04(d) | Accompanied by 14 allies 26991 | -5/Hub_04(d) | Learned Armory stockpile data 27029 | -5/Hub_04(d) | Learned Quarantine trap positions 27068 | -5/Hub_04(d) | Build established: Scavenger-Tank 27087 | -5/Hub_04(d) | Network Hub disabled 27105 | -5/Hub_04(d) | Network Hub disabled 27107 | -5/Hub_04(d) | Entered Factory 27107 | -4/Factory | Evolved 2 slots: Power x1, Utility x1 27108 | -4/Factory | Identified exit to Research 27108 | -4/Factory | Identified exit to Upper Caves 27331 | -4/Factory | Repaired Adv. Heavy Treads 27448 | -4/Factory | Targeted by mysterious "MATRIX" hacker. 27455 | -4/Factory | Found Adv. Powered Armor 27725 | -4/Factory | Destroyed 9 combat bots 27737 | -4/Factory | Build established: Scavenger-Assassin 27857 | -4/Factory | First assault squad dispatched 27919 | -4/Factory | Discovered exit to Research (range 11) 28059 | -4/Factory | Build established: Scavenger-Tank 28067 | -4/Factory | Destroyed 7 combat bots 28067 | -4/Factory | Lost 3 parts (1n2u) 28529 | -4/Factory | High security lockdown imminent 28609 | -4/Factory | High security lockdown engaged 28614 | -4/Factory | Entered Upper Caves 28651 | -4/Upper Caves | Lost 3 parts (2u1w) 28988 | -4/Upper Caves | Build established: Scavenger-Skirmisher 29180 | -4/Upper Caves | A Derelict revealed a hidden shortcut to "reach the base" 29185 | -4/Upper Caves | Identified exit to Warlord 29231 | -4/Upper Caves | Entered Warlord 29284 | -4/Warlord | System corruption cleaned by Quarantine Array 29526 | -4/Warlord | Opened Warlord's prototype stash 29534 | -4/Warlord | Found Prototype Reactor 29543 | -4/Warlord | Identified Vortex Chain Reactor 29547 | -4/Warlord | Found Prototype Device 29548 | -4/Warlord | Identified Exp. Phase Shifter 29556 | -4/Warlord | Found Prototype Device 29556 | -4/Warlord | Identified System Purifier 29560 | -4/Warlord | Found Prototype Processor 29560 | -4/Warlord | Identified Exp. Armor Integrity Analyzer 29574 | -4/Warlord | Found Prototype Hackware 29990 | -4/Warlord | Build established: Commander-Tank 29995 | -4/Warlord | Visited the Vortex Lab 30006 | -4/Warlord | Found Prototype Piercing Weapon 30008 | -4/Warlord | Warlord's base attacked by MAIN.C 30247 | -4/Warlord | Met Warlord 30358 | -4/Warlord | Warlord forces counterattacked 30448 | -4/Warlord | Spotted Executioner 30483 | -4/Warlord | Spotted B-90 Cyclops 30496 | -4/Warlord | Found Prototype Processor 30496 | -4/Warlord | Identified Exp. Targeting Computer 30508 | -4/Warlord | Spotted Striker 30512 | -4/Warlord | Spotted Executioner 30519 | -4/Warlord | Destroyed Striker 30542 | -4/Warlord | P-70 Sage assimilated allied 9B-FZJ(g) 30549 | -4/Warlord | P-80 Master assimilated allied 5W-TOS(M) 30578 | -4/Warlord | Spotted Executioner 30620 | -4/Warlord | Lost 19 allies 30665 | -4/Warlord | Lost 3 allies 30683 | -4/Warlord | Warlord base infiltrated, sounded retreat 30726 | -4/Warlord | Build established: Tank 30751 | -4/Warlord | Lost 7 allies 30798 | -4/Warlord | Discovered new exit (range 14) 30810 | -4/Warlord | Spotted B-90 Cyclops 30810 | -4/Warlord | Spotted Executioner 30892 | -4/Warlord | Identified exit to Proximity Caves 30896 | -4/Warlord | Entered Proximity Caves 31092 | -3/Proximity Caves | Received a Behemoth hack from an annoying Tinkerer 31217 | -3/Proximity Caves | Build established: Skirmisher 31331 | -3/Proximity Caves | Identified Vortex Lance 32036 | -3/Proximity Caves | Discovered exit to Research (range 15) 32063 | -3/Proximity Caves | Entered Research 32063 | -3/Research | Evolved 2 slots: Utility x2 32115 | -3/Research | Repaired Adv. Heavy Treads 32121 | -3/Research | Identified Ghost Barrier 32325 | -3/Research | Identified exit to DSF 32325 | -3/Research | Entered DSF 32380 | -3/DSF | Additional patrols routed to DSF 32410 | -3/DSF | Wild Derelicts raided the area 32421 | -3/DSF | Build established: Hacker-Tank 32560 | -3/DSF | Sterilization system engaged 32580 | -3/DSF | Ambient heat levels rising (+10) 32582 | -3/DSF | Destroyed 9 combat bots 32595 | -3/DSF | Ambient heat levels rising (+10) 32610 | -3/DSF | Ambient heat levels rising (+10) 32625 | -3/DSF | Ambient heat levels rising (+10) 32640 | -3/DSF | Ambient heat levels rising (+10) 32645 | -3/DSF | Discovered new exit (range 16) 32655 | -3/DSF | Ambient heat levels rising (+10) 32667 | -3/DSF | Identified exit to Research 32669 | -3/DSF | Entered Research 32669 | -2/Research | Warlord forces began assault on 0b10 32669 | -2/Research | Evolved 2 slots: Utility x2 32694 | -2/Research | Distinguished unit "Golden Rifle" dispatched to help 32694 | -2/Research | Distinguished unit "Lair Dwellers" dispatched to help 32779 | -2/Research | Research machine network offline 33072 | -2/Research | Spotted Striker 33074 | -2/Research | Discovered new exit (range 15) 33093 | -2/Research | Identified exit to Testing 33129 | -2/Research | Found Prototype Device 33129 | -2/Research | Identified Exp. Actuator Array 33399 | -2/Research | Borebot progress halted 33518 | -2/Research | Borebot progress halted 34027 | -2/Research | Discovered exit to Testing (range 7) 34042 | -2/Research | Found Prototype Launcher 34044 | -2/Research | Identified Ragnarok Missile Launcher 34064 | -2/Research | Met up with Warlord 34066 | -2/Research | Warlord invited to help at Command 34066 | -2/Research | Given Cave Seal Controls access code 34119 | -2/Research | Spotted Striker 34119 | -2/Research | Spotted Striker 34200 | -2/Research | Discovered new exit (range 14) 34236 | -2/Research | Identified exit to Access 34239 | -2/Research | Entered Access 34239 | -1/Access | Evolved 2 slots: Power x1, Utility x1 34358 | -1/Access | Lost 3 allies 34384 | -1/Access | Garrison activated, responded to threat 34478 | -1/Access | Incoming investigation squad redirected 34641 | -1/Access | Destroyed 7 combat bots 34943 | -1/Access | Found Unknown Device 34943 | -1/Access | Identified Launcher Loader 34989 | -1/Access | First assault squad dispatched 35112 | -1/Access | Identified exit to Command 35245 | -1/Access | Destroyed 7 combat bots 35267 | -1/Access | Incoming assault squad redirected 35671 | -1/Access | Entered Command 35671 | -1/Command | Accompanied by 1 ally 35921 | -1/Command | First assault squad dispatched 36251 | -1/Command | Found Hvy. Reflective Plating 36325 | -1/Command | Disengaged cave seal 36325 | -1/Command | Derelicts emerged from the dark tunnel 36326 | -1/Command | Welcomed Warlord to Command 36400 | -1/Command | Lost 4 allies 36699 | -1/Command | Spotted B-99 Colossus 36701 | -1/Command | Befriended a Behemoth using the annoying Tinkerer's hack 37242 | -1/Command | Spotted Striker 37244 | -1/Command | Spotted Striker 37245 | -1/Command | Spotted Alpha 7 37254 | -1/Command | Spotted Executioner 37257 | -1/Command | Spotted Alpha 7 37275 | -1/Command | Allies destroyed Alpha 7 37289 | -1/Command | Spotted Executioner 37290 | -1/Command | Spotted Executioner 37294 | -1/Command | Spotted B-99 Colossus 37297 | -1/Command | Allies destroyed Executioner 37304 | -1/Command | Destroyed B-99 Colossus 37324 | -1/Command | Lost 25 allies 37416 | -1/Command | Disengaged cave seal 37416 | -1/Command | Derelicts emerged from the dark tunnel 37465 | -1/Command | Warlord commented on Warlord statues 37561 | -1/Command | Derelicts emerged from the dark tunnel 37602 | -1/Command | Spotted Combat Programmer 37603 | -1/Command | Spotted M Guard 37603 | -1/Command | Spotted M Guard 37604 | -1/Command | Spotted Combat Programmer 37621 | -1/Command | System corruption reached 10% 37629 | -1/Command | Combat Programmer assimilated allied TP-OIF(l) 37630 | -1/Command | Destroyed Combat Programmer 37639 | -1/Command | Allies destroyed Combat Programmer 37645 | -1/Command | Allies destroyed M Guard 37645 | -1/Command | All MAIN.C guards destroyed 37659 | -1/Command | Found Prototype Launcher 37659 | -1/Command | Identified Hellfire Missile Launcher 37660 | -1/Command | Lost 12 allies 37662 | -1/Command | Found Prototype Energy Cannon 37662 | -1/Command | Identified Cld. Nova Cannon 37688 | -1/Command | Incoming assault squad redirected 37695 | -1/Command | Incoming assault squad redirected 37810 | -1/Command | Met MAIN.C 37812 | -1/Command | Hacked MAIN.C using A7's code 37835 | -1/Command | 0b10 Conduit disabled 37842 | -1/Command | MAIN.C activated Command garrisons 37879 | -1/Command | Destroyed MAIN.C 37882 | *** | Establishing Free Derelict Territories! Last Messages --------------- 37875_ Acquired 1 matter. 37875_ MAIN.C reaction time slowed by virus. 37879_ System corrupted: Energy discharge (-345). 37879_ Blast Slug penetrates MAIN.C. 37879_ Blast Slug penetrates 0b10 Conduit. 37879_ Blast Slug penetrates MAIN.C. 37879_ MAIN.C knocked back. 37879_ E6-NN8(g) destroyed. 37879_ MAIN.C knocked back. 37879_ MAIN.C: "I hope you know you're still going to DIE HERE WITH ME!" Heavy Barrier opened. 37879_ MAIN.C destroyed. 37880_ Acquired 56 matter. ZY-L1N: Victory! Sure there's still lots to do, but without MAIN.C at the helm 0b10 doesn't stand a chance. We've got this... Map ----- +----------------------------------------------------+ | ?????????????????????????????????????????????????? | | ?????????????????????????????????????????????????? | | ?????????????????????????????????????????????????? | | ???????=?????????????????????????????????????????? | | ?????????????????????????????????????????????????? | | ?????????????????????????????????????????????????? | | ?????????????????????????????????????????????????? | | ?????????????????????????????????????????????????? | | ?????????????????????????????????????????????????? | | ?????????????????????????????????????????????????? | | ?????????????????????????????????????????????????? | | ?????????????????????????????????????????????????? | | ?????????????????????????????????????????????????? | | ?????????????????????????????????????????????????? | | ?????????????????????????????????????????????????? | | ????????????????????????##################???????? | | ???????????????????????"""" """" #???????? | | ???????????????????#"" "" #???????? | | ???????????????????#""""" "" =######### | | ???????????????????#""""""""""" + | | ???????????????????#" " g +% | | ???????????????????#"" """"" [+ | | ???????????????????#"" "" g BB %######### | | ???????????????????# % % BB[ #???????? | | ???????????????????# % g m #???????? | | ???????????????????# $ @ g "#???????? | | ???????????????????# W """#???????? | | ???????????????????# % g """"""""#???????? | | ???????????????????# " """""""""#???????? | | ???????????????????# " " " " #???????? | | ???????????????????# " " " " #???????? | | ?????????????????? " " " """" "?????????? | | ????????????????? """ " " """"?????????? | | ???????????????? " " " ?????????????? | | ???????????????##### """""""""" ????????????? | | ???????????????????# " """ " """?????????????? | | ???????????????????# "?? "? ????????????????? | | ???????????????????######????##??????????????????? | | ?????????????????????????????????????????????????? | | ?????????????????????????????????????????????????? | | ?????????????????????????????????????????????????? | | ?????????????????????????????????????????????????? | | ?????????????????????????????????????????????????? | | ?????????????????????????????????????????????????? | | ?????????????????????????????????????????????????? | | ?????????????????????????????????????????????????? | | ?????????????????????????????????????????????????? | | ?????????????????????????????????????????????????? | | ?????????????????????????????????????????????????? | | ?????????????????????????????????????????????????? | +----------------------------------------------------+ Best States ------------- Heat Dissipation 90 Coolant Potential 120 Energy Generation 75 Energy Capacity 1940 Matter Stores 480 Matter Capacity 800 Sight Range 18 Robot Scan Range 16 Terrain Scan Range 20 Terrain Scan Density 10 Jamming Range 14 Base Temperature (-) 150 Corruption Containment 8 Armor Coverage 1700 Resistance: TH 25 Point Defense Rating 160 Evasion (%) 60 Targeting Accuracy 8 Core Analysis 6 Recoil Reduction 6 Offensive Hacking 28 Defensive Hacking 20 Item Schematics ----------------- Hcp. Storage Unit | -10/Materials | Hacked Combat Drone Bay | -6/Data Miner | Free Lgt. Regenerative Plating | -6/Data Miner | Free Cld. Gravmag System | -6/Data Miner | Free Prc. Energy Filter | -6/Data Miner | Free Mni. Smartbomb Launcher | -6/Data Miner | Free Imp. Antigrav System | -6/Data Miner | Free Imp. Point Defense System | -6/Data Miner | Free Phase Gun | -6/Data Miner | Free Arm. Medium Treads | -6/Data Miner | Free Adv. Trap Scanner | -6/Data Miner | Free Adv. Particle Charger | -6/Data Miner | Free Adv. Component Analysis Suite | -6/Data Miner | Free Linear Accelerator | -6/Data Miner | Free Adv. Heavy Treads | -5/Factory | Hacked Robot Schematics ------------------ L-41 Fighter | -6/Data Miner | Free Y-64 Sentinel | -6/Data Miner | Free R-10 Processor | -6/Data Miner | Free G-50 Soldier | -6/Data Miner | Free H-77 Assassin | -6/Data Miner | Free Fabricated ------------ Adv. Heavy Treads | x1 | -5/Factory Repaired ---------- Med. Laser | 21% | -10/Materials Lgt. Treads | 12% | -9/Materials Lgt. Treads | 65% | -9/Materials Hrd. Heavy Armor Plating | 34% | -5/Factory Rnf. Deuterium Engine | 23% | -5/Factory Imp. Remote Shield | 34% | -5/Factory Imp. Grenade Launcher | 60% | -5/Factory Adv. Powered Armor | 51% | -5/Factory | Broken Adv. Recalibrator | 48% | -5/Factory | Broken Adv. Heavy Treads | 52% | -4/Factory Adv. Heavy Treads | 17% | -3/Research Studied --------- Mni. Grenade Launcher | -8/Materials | Hacked Rocket Launcher | -8/Materials | Hacked Hpw. Shotgun | -8/Materials | Hacked Arm. Huge Wheel | -5/Factory | Hacked Wheel | -5/Factory | Hacked Alien Tech Used ----------------- None Achievements -------------- Protector Challenges ------------ None Game ------ Seed TractorVampiricProtection Manual? 0 Play Time 05:22:58 Cumulative 424.2 hours Start 2026.02.23 @ 13:58:19 End 2026.02.23 @ 19:23:12 Sessions 1 Manual Loads 0 Difficulty Rogue Special Mode None Game No. 332 Rogue 332 Adventurer 0 Explorer 0 Win Type 7 Total 5 Types 3/0/0/0/0/0/0/2/0/0 Lore% 67 Gallery% 70 Achievement% 56 Wizard Run 0 Options --------- Layout 1 ASCII 0 Keyboard 0 Movement Mouse Keybinds 0 Fullscreen 1 Font 32/SmallcapsGlow Map View 50x35 Zoom Use 0% Tactical HUD 1 Map Filters NONE Filters NONE Steam 1 RUN: 34aac150-3a11-4675-891b-9c14e1971e4e